 Dungeon Crawl Stone Soup version 0.30-a0-702-gdf48620a09 (webtiles) character file.

Game seed: 13252600860563145054

831326 scionoferis the Ruinous (level 27, 0/211 HPs)
             Began as a Demigod Conjurer on Jan 19, 2023.
             Killed from afar by a balrug (5 damage)
             ... with a fireball
             ... on level 25 of a ziggurat on Jan 21, 2023.
             The game lasted 10:16:00 (126257 turns).

scionoferis the Ruinous (Demigod Conjurer)        Turns: 126257, Time: 10:16:00

Health: 0/211      AC: 31    Str: 28      XL:     27
Magic:  10/57      EV: 21    Int: 56 (59) God:
Gold:   8036       SH:  9    Dex: 17 (18) Spells: 12/72 levels left

rFire   + + .      SeeInvis +    b - +9 staff of Wucad Mu {*channel}
rCold   + + .      Faith    .    V - +3 warlock's mirror {omnireflect}
rNeg    + + +      Spirit   .    c - +7 swamp dragon scales of Fanaticism {rPois rN++ Stlth+}
rPois   ∞          Reflect  +    w - +0 hat {Will+}
rElec   +          Harm     .    x - +0 cloak of the Vanishing Deaths {rF+ Int+3}
rCorr   .          Rampage  .    Q - +2 pair of gloves of Repulsion {rF+}
Will    ++++.      Clarity  +    m - +2 pair of slick slippers {slick, slippery, EV+5}
Stlth   +++                      H - amulet of Jexegg {RegenMP rElec Str+2}
HPRegen 0.55/turn                G - ring "Vaherghyi" {rC+ Int+7}
MPRegen 0.75/turn                E - ring "Caghig" {Str+6 Int+5 Dex+6}

@: lich-form, studying 4 skills
A: draining attack, torment immunity, no potions, high MP 1, forlorn, divine
attributes, see invisible, clarity
}: 4/15 runes: barnacled, slimy, silver, gossamer
a: End Transformation


You were on level 25 of a ziggurat.
You were an undead lich.
You visited 11 branches of the dungeon, and saw 55 of its levels.
You visited 1 bazaar.
You visited 1 ziggurat, and saw 25 of its levels.
You also visited: Gauntlet, Ice Cave, Volcano, Wizlab and Desolation.

You collected 9874 gold pieces.
You spent 1838 gold pieces at shops.


Innate Abilities, Weirdness & Mutations

You are an undead lich.
Your unarmed attacks are suffused with negative energy.
You are immune to unholy pain and torment.
Your necromantic spells are more powerful.
You cannot drink.
You are immune to poison.
You have an increased reservoir of magic. (+10% MP)
You shall have no god before yourself.
Your divine heritage dramatically boosts your attributes as you level up.
You have supernaturally acute eyesight. (SInv)
You possess an exceptional clarity of mind.


   Skills:
 + Level 10.7 Fighting
 * Level 12.7 Armour
 + Level 9.8 Dodging
 - Level 4.0 Stealth
 + Level 7.4 Shields
 + Level 23.1 Spellcasting
 - Level 24.0 Conjurations
 - Level 5.0 Hexes
 * Level 13.8 Necromancy
 - Level 5.0 Translocations
 * Level 14.3 Transmutations
 - Level 24.0 Fire Magic
 - Level 12.0 Earth Magic
 - Level 20.0 Evocations


You had 12 spell levels left.
You knew the following spells:

 Your Spells              Type           Power      Damage    Failure   Level
b - Lehudib's Crystal Sp  Conj/Erth      66%        10d15     1%          8
c - Iskenderun's Mystic   Conj/Tloc      100%       2d19      0%          4
e - Fulminant Prism       Conj/Hex       61%        3d26      0%          4
f - Borgnjor's Vile Clut  Necr/Erth      71%        N/A       1%          5
g - Iron Shot             Conj/Erth      66%        9d12      1%          6
h - Apportation           Tloc           100%       N/A       1%          1
i - Blink                 Tloc           100%       N/A       1%          2
k - Fireball              Conj/Fire      73%        3d27      0%          5
l - Ignition              Fire           73%        3d19      1%          8
m - Fire Storm            Conj/Fire      73%        8d18      1%          9
n - Necromutation         Tmut/Necr      73%        N/A       5%          8

Your spell library contained the following spells:

 Spells                   Type           Power      Damage    Failure   Level
 Beastly Appendage        Tmut           100%       N/A       0%          1
 Foxfire                  Conj/Fire      100%       2x1d9     0%          1
 Kiss of Death            Conj/Necr      100%       2d13      0%          1
 Magic Dart               Conj           100%       1d8       0%          1
 Necrotise                Necr           100%       1d9       0%          1
 Sandblast                Erth           100%       2d20      0%          1
 Sting                    Tmut/Pois      100%       1d8       0%          1
 Passwall                 Tmut/Erth      99%        N/A       0%          2
 Scorch                   Fire           100%       2d10      0%          2
 Searing Ray              Conj           100%       2d8       0%          2
 Static Discharge         Conj/Air       100%       2-7/arc   0%          2
 Sublimation of Blood     Necr           100%       N/A       0%          2
 Wereblood                Tmut           100%       N/A       0%          2
 Dazzling Flash           Conj/Hex       100%       N/A       0%          3
 Hailstorm                Conj/Ice       100%       3d20      0%          3
 Ignite Poison            Fire/Tmut/Pois 100%       N/A       0%          3
 Inner Flame              Hex/Fire       100%       N/A       0%          3
 Kindle Blastsparks       Fire/Tloc/Air  100%       2d18      0%          3
 Stone Arrow              Conj/Erth      100%       3d13      0%          3
 Vampiric Draining        Necr           100%       2d13      0%          3
 Animate Dead             Necr           100%       N/A       0%          4
 Dispel Undead            Necr           100%       3d31      0%          4
 Flame Wave               Conj/Fire      100%       2d21      0%          4
 Petrify                  Tmut/Erth      100%       N/A       0%          4
 Sticky Flame             Conj/Fire      100%       2d11      0%          4
 Irradiate                Conj/Tmut      68%        3d34      0%          5
 Iskenderun's Battlesphe  Conj           100%       2d15      0%          5
 Starburst                Conj/Fire      73%        6d19      0%          6
 Orb of Destruction       Conj           73%        9d17      0%          7
 Freeze                   Ice            100%       1d10      1%          1
 Slow                     Hex            100%       N/A       1%          1
 Summon Small Mammal      Summ           100%       N/A       1%          1
 Call Imp                 Summ           60%        N/A       1%          2
 Cigotuvi's Dreadful Rot  Necr/Pois/Air  100%       N/A       1%          2
 Ensorcelled Hibernation  Hex/Ice        100%       N/A       1%          2
 Lesser Beckoning         Tloc           100%       N/A       1%          2
 Poisonous Vapours        Pois/Air       100%       N/A       1%          2
 Call Canine Familiar     Summ           60%        N/A       1%          3
 Confusing Touch          Hex            88%        N/A       1%          3
 Frozen Ramparts          Ice            100%       1d16      1%          3
 Gell's Gravitas          Tloc           88%        N/A       1%          3
 Mephitic Cloud           Conj/Pois/Air  100%       N/A       1%          3
 Ozocubu's Armour         Ice            60%        N/A       1%          3
 Portal Projectile        Hex/Tloc       100%       N/A       1%          3
 Spider Form              Tmut/Pois      98%        N/A       1%          3
 Summon Guardian Golem    Hex/Summ       75%        N/A       1%          3
 Swiftness                Air            60%        N/A       1%          3
 Teleport Other           Tloc           88%        N/A       1%          3
 Tukima's Dance           Hex            88%        N/A       1%          3
 Vhi's Electric Charge    Tloc/Air       100%       N/A       1%          3
 Anguish                  Hex/Necr       65%        N/A       1%          4
 Animate Armour           Summ/Erth      100%       N/A       1%          4
 Cause Fear               Hex            44%        N/A       1%          4
 Ice Form                 Ice/Tmut       98%        N/A       1%          4
 Leda's Liquefaction      Hex/Erth       51%        N/A       1%          4
 Manifold Assault         Tloc           88%        N/A       1%          4
 Passage of Golubria      Tloc           88%        N/A       1%          4
 Agony                    Necr           100%       N/A       1%          5
 Alistair's Intoxication  Tmut/Pois      65%        N/A       1%          5
 Arcjolt                  Conj/Air       57%        1d67      1%          5
 Blade Hands              Tmut           61%        N/A       1%          5
 Freezing Cloud           Conj/Ice/Air   50%        6-21      1%          5
 Lee's Rapid Deconstruct  Erth           57%        3d27*     1%          5
 Lightning Bolt           Conj/Air       57%        1d80      1%          5
 Yara's Violent Unravell  Hex/Tmut       54%        3d21      1%          5
 Conjure Ball Lightning   Conj/Air       57%        3x3d21    1%          6
 Death Channel            Necr           73%        N/A       1%          6
 Eringya's Noxious Bog    Tmut/Pois      49%        N/A       1%          6
 Statue Form              Tmut/Erth      79%        N/A       1%          6
 Dragon Form              Tmut           61%        N/A       1%          7
 Spellforged Servitor     Conj/Summ      57%        N/A       1%          7
 Summon Ice Beast         Ice/Summ       60%        N/A       2%          4
 Summon Lightning Spire   Summ/Air       60%        N/A       2%          4
 Metabolic Englaciation   Hex/Ice        37%        N/A       2%          5
 Silence                  Hex/Air        37%        N/A       2%          5
 Summon Forest            Summ/Tloc      37%        N/A       2%          5
 Summon Mana Viper        Hex/Summ       75%        N/A       2%          5
 Simulacrum               Ice/Necr       59%        N/A       2%          6
 Dispersal                Tloc           44%        N/A       4%          6
 Borgnjor's Revivificati  Necr           73%        N/A       6%          8
 Storm Form               Tmut/Air       49%        N/A       12%         7
 Enfeeble                 Hex            44%        N/A       28%         7
 Summon Cactus Giant      Summ           30%        N/A       36%         6
 Malign Gateway           Summ/Tloc      37%        N/A       61%         7
 Death's Door             Necr           73%        N/A       65%         9
 Monstrous Menagerie      Summ           30%        N/A       91%         7
 Ozocubu's Refrigeration  Ice            30%        4d14      91%         7
 Summon Hydra             Summ           30%        N/A       91%         7
 Discord                  Hex            44%        N/A       91%         8
 Disjunction              Tloc           44%        N/A       91%         8
 Summon Horrible Things   Summ           30%        N/A       100%        8
 Dragon's Call            Summ           30%        N/A       100%        9
 Polar Vortex             Ice            30%        N/A       100%        9

Inventory:

Hand Weapons
 b - the +9 staff of Wucad Mu (weapon) {*channel}
   (You found it in a wizard's laboratory)

   *Channel:  It occasionally powers its wielder's spells, but with a chance of
   causing confusion or draining the wielder's intelligence.
   It becomes more likely to activate and less likely to backfire with increased
   Evocations skill.
 N - the +6 short sword of Infinite Pain {flame, rC+ MP+9 Int+3 Dex+3}
   (You found it on level 8 of a ziggurat)

   Int:       It affects your intelligence (+3).
   Dex:       It affects your dexterity (+3).
   rC:        It protects you from cold.
   MP:        It affects your magic capacity (+9).
Missiles
 i - 7 throwing nets
 L - 6 silver boomerangs
 X - 21 silver javelins (quivered)
Armour
 c - the +7 swamp dragon scales of Fanaticism (worn) {rPois rN++ Stlth+}
   (You took it off a centaur warrior on level 12 of the Dungeon)

   rPois:     It protects you from poison.
   rN:        It greatly protects you from negative energy.
   Stlth:     It makes you more stealthy.
 e - a scarf of resistance
   (You found it on level 5 of the Lair of Beasts)
 g - a +1 pair of gloves of dexterity
   (You bought it in a shop on level 2 of the Orcish Mines)
 m - the +2 pair of slick slippers (worn) {slick, slippery, EV+5}
   (You found it in a volcano)

   Slick:     Its wearer cannot be constricted, engulfed, netted or webbed.
   Slippery:  It slips away from damaging melee attacks, pulling the attacker
   onward.
   EV:        It affects your evasion (+5).
 w - a +0 hat of willpower (worn)
   (You found it on level 1 of the Vaults)
 x - the +0 cloak of the Vanishing Deaths (worn) {rF+ Int+3}
   (You acquired it on level 15 of a ziggurat)

   Int:       It affects your intelligence (+3).
   rF:        It protects you from fire.
 Q - the +2 pair of gloves of Repulsion (worn) {rF+}
   (You found it on level 9 of a ziggurat)

   rF:        It protects you from fire.
 T - the +7 plate armour "Cinuta" {rF+ Will+ Str+2}
   (You found it on level 22 of a ziggurat)

   Str:       It affects your strength (+2).
   rF:        It protects you from fire.
   Will:      It increases your willpower.
 V - the +3 warlock's mirror (worn) {omnireflect}
   (You found it on level 21 of a ziggurat)

   Omnireflect: It can block and reflect piercing ranged attacks and magical
   attacks against the wielder's willpower.
 W - a +0 buckler of cold resistance
   (You took it off a tengu warrior on level 2 of the Depths)
 Y - a +1 helmet of intelligence
   (You found it on level 22 of a ziggurat)
Jewellery
 o - the ring "Ofopus Hidd" {Fly rElec Int+6}
   (You found it on level 24 of a ziggurat)

   [ring of intelligence]

   Int:       It affects your intelligence (+6).
   rElec:     It insulates you from electricity.
   Fly:       It grants you flight.
 p - the amulet of the Vendetta {Reflect rC+ rN+ SH+5}
   (You found it on level 3 of a ziggurat)

   [amulet of reflection]

   It reflects blocked missile attacks.
   rC:        It protects you from cold.
   rN:        It protects you from negative energy.
   SH:        It affects your SH (+5).
 r - the ring "Lodghong" {Fire rPois Str+3 Int+3 SInv}
   (You found it on level 5 of a ziggurat)

   [ring of fire]

   It enhances your fire magic.
   Str:       It affects your strength (+3).
   Int:       It affects your intelligence (+3).
   rF:        It protects you from fire.
   rC:        It makes you vulnerable to cold.
   rPois:     It protects you from poison.
   SInv:      It lets you see invisible.
 t - the ring "Poolaumu" {Fire Int+4}
   (You bought it in a shop on level 2 of the Orcish Mines)

   [ring of fire]

   It enhances your fire magic.
   Int:       It affects your intelligence (+4).
   rF:        It protects you from fire.
   rC:        It makes you vulnerable to cold.
 E - the ring "Caghig" (right hand) {Str+6 Int+5 Dex+6}
   (You found it on level 24 of a ziggurat)

   [ring of strength]

   Str:       It affects your strength (+6).
   Int:       It affects your intelligence (+5).
   Dex:       It affects your dexterity (+6).
 G - the ring "Vaherghyi" (left hand) {rC+ Int+7}
   (You found it on level 24 of a ziggurat)

   [ring of protection from cold]

   Int:       It affects your intelligence (+7).
   rC:        It protects you from cold.
 H - the amulet of Jexegg (around neck) {RegenMP rElec Str+2}
   (You found it on level 5 of the Pits of Slime)

   [amulet of magic regeneration]

   It increases your rate of magic regeneration.
   Str:       It affects your strength (+2).
   rElec:     It insulates you from electricity.
 K - the ring of Roahim {Will+ MP+9}
   (You found it on level 7 of a ziggurat)

   [ring of willpower]

   MP:        It affects your magic capacity (+9).
   Will:      It increases your willpower.
 R - the amulet "Ercheah" {RegenMP rF+ Dex+3}
   (You found it on level 23 of a ziggurat)

   [amulet of magic regeneration]

   It increases your rate of magic regeneration.
   Dex:       It affects your dexterity (+3).
   rF:        It protects you from fire.
 S - the ring of Doubts {rN+ Will+ Str+6 Dex+2 Stlth+}
   (You found it on level 12 of a ziggurat)

   [ring of strength]

   Str:       It affects your strength (+6).
   Dex:       It affects your dexterity (+2).
   rN:        It protects you from negative energy.
   Will:      It increases your willpower.
   Stlth:     It makes you more stealthy.
Wands
 u - a wand of acid (43)
   (You took it off Ijyb on level 4 of the Dungeon)
 B - a wand of paralysis (38)
   (You found it on level 10 of the Dungeon)
 M - a wand of iceblast (32)
   (You found it on level 5 of the Dungeon)
Scrolls
 d - 11 scrolls of butterflies
 f - 3 scrolls of enchant armour
 j - 5 scrolls of blinking
 n - 26 scrolls of fog
 q - 6 scrolls of vulnerability
 z - 13 scrolls of teleportation
 A - 5 scrolls of magic mapping
Potions
 h - 30 potions of curing
 k - 6 potions of cancellation
 l - 5 potions of brilliance
 s - 7 potions of magic
 v - 3 potions of resistance
 C - 10 potions of haste
 O - 3 potions of invisibility
 P - 4 potions of heal wounds
 U - 23 potions of mutation
 Z - 3 potions of ambrosia
Miscellaneous
 y - a tin of tremorstones (2/2)
   (You found it on level 12 of the Dungeon)
 D - a lightning rod (4/4)
   (You found it on level 1 of the Spider Nest)
 F - a condenser vane (inert)
   (You found it on level 12 of the Dungeon)
 I - a box of beasts
   (You found it on level 12 of the Dungeon)
 J - a phantom mirror
   (You found it on level 2 of the Vaults)

Dungeon Overview and Level Annotations

Branches:
Dungeon (15/15)            Temple (0/1) D:6            Lair (5/5) D:9
 Shoals (4/4) Lair:3       Spider (4/4) Lair:2        Slime (5/5) Lair:4
    Orc (2/2) D:12            Elf (3/3) Orc:2        Vaults (5/5) D:13
  Crypt (3/3) Vaults:2       Tomb (0/3) Crypt:3      Depths (4/4) D:15
    Zot (5/5) Depths:4      IceCv (visited)         Volcano (visited)
 WizLab (visited)         Desolation (visited)      Gauntlet (visited)

Shops:
D:9 [   D:15 **   Orc:1 [   Orc:2 =[*[   Shoals:1 !?[[*   Vaults:1 =

Portals:
Hell: Depths:1 Depths:2 Depths:3 Depths:4
Abyss: Depths:1 Depths:2 Depths:3 Depths:4
Pandemonium: Depths:2

Annotations:
Zot:5 1 exclusion

▓▓▓▓▓▓▓▓▓▓▓▓▓▓▓
▓........L....▓
▓††...........▓
▓.............▓
▓.............▓
▓.C2☼.........▓
▓○)°C)........▓
▓○E○C..)2E.C☼.▓
▓○*C.D.C°..2..▓
▓▓▓▓▓▓▓▓○○D.°.....


You could see an orb of fire, 6 fire giants, a fire dragon, 3 balrugs and 2 fire
elementals.


Message History

Press: ? - help, Dir - move target, p - fire vortex
Okay, then.
The orb of fire glows yellow.
Strange energies course through your body.
Your body decomposes!
You feel dopey.
Your fire vortex hits the orb of fire.
Your fire vortex dissipates!
Your fire vortex barely misses the orb of fire.
Casting: Fire Storm (dangerous; 1% risk of failure)
Confirm with . or Enter, or press ? or * to list all spells.
Aiming: Fire Storm (dangerous; 1% risk of failure)
Press: ? - help, Dir - move target, f - orb of fire, p - fire vortex
Aim: an orb of fire (flame, moderately damaged)
A raging storm of fire appears!
The great blast of fire engulfs the orb of fire!!!
The orb of fire partially resists.
The orb of fire is severely damaged.
The great blast of fire engulfs the orb of fire!!
The orb of fire partially resists.
The orb of fire is severely damaged.
You hear a bark!
You hear a shout!
You hear a deafening roar!
You hear a bark!
You hear a shout!
You hear a bark! x4; You hear a shout!
The orb of fire glows red.
Your +3 warlock's mirror {omnireflect} reflects the Malmutate!
The orb of fire is unaffected.
Your fire vortex closely misses the orb of fire.
Something hits your fire vortex!
Your fire vortex is engulfed in flames.
Your fire vortex completely resists.
The fire elemental completely misses your fire vortex.
The orb of fire glows red.
Strange energies course through your body.
Your body decomposes!
You feel weakened.
An efreet comes into view.
It is wielding a +3 scimitar of flaming.
A balrug comes into view.
It is wielding a +0 antimagic demon whip.
The balrug barely misses your fire vortex.
The orb of fire glows bright magenta.
Strange energies course through your body.
Your body decomposes!
You feel clumsy.
A hell hound comes into view.
Casting: Fire Storm (dangerous; 1% risk of failure)
Confirm with . or Enter, or press ? or * to list all spells.
Aiming: Fire Storm (dangerous; 1% risk of failure)
Press: ? - help, Dir - move target, f - fire vortex, p - orb of fire
Aim: a fire vortex (friendly)
A raging storm of fire appears!
The great blast of fire engulfs the orb of fire!!
The orb of fire partially resists.
The orb of fire is severely damaged.
The great blast of fire engulfs the orb of fire!!
The orb of fire partially resists.
The orb of fire is severely damaged.
The great blast of fire engulfs the balrug!!!
The balrug partially resists.
The balrug is heavily wounded.
Magical energy flows into your mind!
You hear a bark! x3; You hear a deafening roar!
You hear a bark! x2
The hell hound bites your fire vortex. You block the hell hound's attack.
Your fire vortex hits the orb of fire.
Your fire vortex dissipates!
The balrug hits your fire vortex with a +0 antimagic demon whip!
Your fire vortex is engulfed in flames.
Your fire vortex completely resists.
The efreet hits your fire vortex with a +3 scimitar of flaming!!
Your fire vortex hits the hell hound.
Your fire vortex dissipates!
The orb of fire glows deep purple.
The fireball explodes!
The fireball engulfs you! You resist.
The fireball engulfs the hell hound.
The hell hound completely resists.
The hell hound completely misses you.
Casting: Fire Storm (dangerous; 1% risk of failure)
Confirm with . or Enter, or press ? or * to list all spells.
Aiming: Fire Storm (dangerous; 1% risk of failure)
Press: ? - help, Dir - move target, p - fire vortex A raging storm of fire appears!
The great blast of fire engulfs the orb of fire!!!
The orb of fire partially resists.
The orb of fire is almost destroyed.
The great blast of fire engulfs the orb of fire!!
The orb of fire partially resists.
The orb of fire is almost destroyed.
The great blast of fire engulfs the hell hound!!
The hell hound partially resists.
You kill the hell hound!
The great blast of fire engulfs the balrug!!!
The balrug partially resists.
You kill the balrug!
You hear a shout!
You hear a deafening roar!
You hear a bark!
You hear a deafening roar!
You hear a shout!
You hear a bark!
You hear a shout!
Your fire vortex barely misses the orb of fire.
You block the hell hound's attack.
The orb of fire glows deep purple.
The fireball explodes!
The fireball engulfs your fire vortex.
Your fire vortex completely resists.
The fireball engulfs you! You resist. The fireball engulfs your fire vortex.
Your fire vortex completely resists.
The fireball engulfs the hell hound.
The hell hound completely resists.
The fireball engulfs your fire vortex.
Your fire vortex completely resists.
Your fire vortex hits the orb of fire.
Your fire vortex dissipates!
A hell hound comes into view.
Something hits the hell hound.
A fire crab comes into view.
Your fire vortex closely misses something.
You hear a shout!
You hear a bark!
The hell hound breathes flames at you.
The blast of flame hits you but does no damage.
Your fire vortex hits something.
Your fire vortex dissipates!
Your fire vortex closely misses the orb of fire.
Your fire vortex hits the orb of fire.
Your fire vortex dissipates!
Casting: Fire Storm (dangerous; 1% risk of failure)
Confirm with . or Enter, or press ? or * to list all spells.
Aiming: Fire Storm (dangerous; 1% risk of failure)
Press: ? - help, Dir - move target, f - fire vortex
Aim: a fire vortex (flame, friendly)
A raging storm of fire appears!
The great blast of fire engulfs the orb of fire!!!
The orb of fire partially resists.
You destroy the orb of fire!
The great blast of fire engulfs the orb of fire!!
The orb of fire partially resists.
You destroy the orb of fire!
The great blast of fire engulfs the fire elemental!!!
The fire elemental partially resists.
You destroy the fire elemental!
The great blast of fire engulfs the efreet!!
The efreet partially resists.
The efreet is severely wounded.
Magical energy flows into your mind!
You hear a bark!
You hear a shout!
Your fire vortex barely misses the hell hound. x2
You block the hell hound's attack.
Your fire vortex completely misses something.
The efreet gestures at you.
The bolt of fire hits the hell hound.
The hell hound completely resists.
The bolt of fire misses you.
Your fire vortex hits something.
Your fire vortex dissipates!
You feel your strength returning.
Your Shields skill increases to level 7!
The hell hound attacks as you move away!
You block the hell hound's attack.
Your fire vortex misses the hell hound.
Your fire vortex hits the hell hound.
Your fire vortex dissipates!
Your fire vortex completely misses the efreet.
A balrug comes into view.
It is wielding a +2 demon whip of draining.
The hell hound bites you but does no damage.
Something completely misses the balrug.
An orb of fire comes into view.
Your fire vortex barely misses the hell hound.
Something hits your fire vortex!
Your fire vortex is engulfed in flames.
Your fire vortex completely resists.
Casting: Fire Storm (dangerous; 1% risk of failure)
Confirm with . or Enter, or press ? or * to list all spells.
Aiming: Fire Storm (dangerous; 1% risk of failure)
Press: ? - help, Dir - move target, f - fire vortex, p - fire vortex
Aim: a fire vortex (friendly)
A raging storm of fire appears!
The great blast of fire engulfs the orb of fire!!
The orb of fire partially resists.
The orb of fire is lightly damaged.
You hear a deafening roar!
You hear a shout!
You block the hell hound's attack.
Your fire vortex misses something.
The efreet barely misses your fire vortex.
The hell hound breathes flames at you. The blast of flame misses you.
Casting: Fire Storm (dangerous; 1% risk of failure)
Confirm with . or Enter, or press ? or * to list all spells.
Aiming: Fire Storm (dangerous; 1% risk of failure)
Press: ? - help, Dir - move target, p - fire vortex A raging storm of fire appears!
The great blast of fire engulfs the orb of fire!!!
The orb of fire partially resists.
The orb of fire is heavily damaged.
The great blast of fire engulfs the balrug!!!
The balrug partially resists.
The balrug is severely wounded.
The great blast of fire engulfs the efreet!!!
The efreet partially resists.
You kill the efreet!
Your head hurts.
You feel dopey.
You hear a bark!
You hear a shout!
The balrug hits your fire vortex with a +2 demon whip of draining!!
Your fire vortex is engulfed in flames.
Your fire vortex completely resists.
You block the hell hound's attack.
Your fire vortex hits the orb of fire.
Your fire vortex dissipates!
Casting: Fire Storm (dangerous; 1% risk of failure)
Confirm with . or Enter, or press ? or * to list all spells.
Aiming: Fire Storm (dangerous; 1% risk of failure)
Press: ? - help, Dir - move target A raging storm of fire appears!
The great blast of fire engulfs the orb of fire!!!
The orb of fire partially resists.
The orb of fire is almost destroyed.
The great blast of fire engulfs the balrug!!
The balrug partially resists.
You kill the balrug!
You hear a deafening roar!
You hear a bark!
You hear a shout!
You block the hell hound's attack.
Your fire vortex hits the orb of fire.
Your fire vortex dissipates!
The hell hound closely misses you.
You feel your intelligence returning.
Throw: 25 javelins (silver)
Press: ? - help, Q - select action, (/) - cycle Shift-Dir - straight line, f - orb of fire
Aim: an orb of fire (flame, almost destroyed, 34% to hit, chaotic) Really fire in your fire vortex's direction?
You throw a silver javelin.
The silver javelin pierces through the hell hound but does no damage.
The hell hound is lightly wounded.
The silver javelin pierces through your fire vortex!
Your fire vortex is moderately damaged.
The silver javelin closely misses the orb of fire.
The silver javelin pierces through your fire vortex.
Your fire vortex is moderately damaged.
You block the hell hound's attack.
Your fire vortex hits something.
Your fire vortex dissipates!
Your fire vortex completely misses the orb of fire.
Something barely misses your fire vortex.
Your fire vortex hits the fire crab.
Your fire vortex dissipates!
The fire crab bites your fire vortex.
Your fire vortex is engulfed in flames.
Your fire vortex completely resists.
The fire crab claws your fire vortex.
Your fire vortex is engulfed in flames.
Your fire vortex completely resists.
You block the hell hound's attack.
Throw: 24 javelins (silver)
Press: ? - help, Q - select action, (/) - cycle Shift-Dir - straight line, f/p - orb of fire
Aim: an orb of fire (flame, almost destroyed, 34% to hit, chaotic) Really fire in your fire vortex's direction?
You throw a silver javelin.
The silver javelin pierces through the hell hound!
The hell hound is moderately wounded.
The silver javelin pierces through your fire vortex!
Your fire vortex is heavily damaged.
The silver javelin barely misses the orb of fire.
The hell hound barely misses you. Something bites your fire vortex!
A fire elemental comes into view.
Your fire vortex misses the orb of fire.
A hell hound comes into view.
The hell hound barely misses you.
The orb of fire emits a lurid red light.
The fireball explodes!
The fireball engulfs the hell hound.
The hell hound completely resists.
The fireball engulfs you. You resist. The hell hound bites your fire vortex!
An orb of fire comes into view.
A hell hound comes into view.
Your fire vortex hits the fire crab.
Your fire vortex dissipates!
Your fire vortex barely misses the orb of fire.
You hear a bark! x2; You hear a deafening roar!
You hear a bark!
As you read the scroll of teleportation, it crumbles to dust.
You feel strangely unstable. The hell hound misses you.
A hell hound comes into view.
The hell hound bites your fire vortex.
Your fire vortex hits the orb of fire.
Your fire vortex dissipates!
A fire elemental comes into view. x2
Your fire vortex hits the hell hound.
Your fire vortex dissipates!
An orb of fire comes into view.
The orb of fire glows red.
The bolt of fire hits your fire vortex.
Your fire vortex completely resists.
The bolt of fire misses your fire vortex.
The bolt of fire hits the hell hound.
The hell hound completely resists.
The bolt of fire hits you!! You resist. The fire crab bites your fire vortex!
Your fire vortex is engulfed in flames.
Your fire vortex completely resists.
The fire crab claws your fire vortex.
Your fire vortex is engulfed in flames.
Your fire vortex completely resists.
The hell hound bites your fire vortex.
The orb of fire glows red.
The fireball explodes!
The fireball engulfs the hell hound.
The hell hound completely resists.
The fireball engulfs you!! You resist.
You hear a shout!
Casting: Fire Storm (dangerous; 1% risk of failure)
Confirm with . or Enter, or press ? or * to list all spells.
Aiming: Fire Storm (dangerous; 1% risk of failure)
Press: ? - help, Dir - move target, p - orb of fire A raging storm of fire appears!
The great blast of fire engulfs the hell hound!!!
The hell hound partially resists.
You kill the hell hound!
The great blast of fire engulfs the orb of fire!!
The orb of fire partially resists.
The orb of fire is moderately damaged.
The great blast of fire engulfs the orb of fire!!!
The orb of fire partially resists.
You destroy the orb of fire!
The great blast of fire engulfs the fire crab!!
The fire crab partially resists.
The fire crab is severely wounded.
The great blast of fire engulfs the hell hound!!!
The hell hound partially resists.
You kill the hell hound!
The great blast of fire engulfs the orb of fire!!
The orb of fire partially resists.
The orb of fire is lightly damaged.
The great blast of fire engulfs the fire elemental!!!
The fire elemental partially resists.
You destroy the fire elemental!
The great blast of fire engulfs the hell hound!!
The hell hound partially resists.
You kill the hell hound!
You feel a bit more experienced. Magical energy flows into your mind!
You hear a deafening roar! x2; You hear a bark!
The orb of fire emits a lurid red light.
The bolt of fire hits your fire vortex.
Your fire vortex completely resists.
The bolt of fire hits your fire vortex.
Your fire vortex completely resists.
Your +3 warlock's mirror {omnireflect} reflects the bolt of fire!
The bolt of fire hits your fire vortex.
Your fire vortex completely resists.
The bolt of fire misses the orb of fire.
Casting: Fire Storm (dangerous; 1% risk of failure)
Confirm with . or Enter, or press ? or * to list all spells.
Aiming: Fire Storm (dangerous; 1% risk of failure)
Press: ? - help, Dir - move target A raging storm of fire appears!
The great blast of fire engulfs the orb of fire!!!
The orb of fire partially resists.
The orb of fire is heavily damaged.
The great blast of fire engulfs the fire crab!!!
The fire crab partially resists.
You kill the fire crab!
The great blast of fire engulfs the orb of fire!!
The orb of fire partially resists.
The orb of fire is moderately damaged.
Magical energy flows into your mind!
Your surroundings seem slightly different.
You hear a bark!
Your fire vortex closely misses the orb of fire.
The hell hound stops to sniff the ground.
As you read the scroll of teleportation, it crumbles to dust.
You feel strangely unstable.
The orb of fire glows deep purple.
The fireball explodes!
The fireball engulfs you! You resist.
You hear a bark!
Casting: Fire Storm (dangerous; 1% risk of failure)
Confirm with . or Enter, or press ? or * to list all spells.
Aiming: Fire Storm (dangerous; 1% risk of failure)
Press: ? - help, Dir - move target A raging storm of fire appears!
The great blast of fire engulfs the hell hound!!
The hell hound partially resists.
You kill the hell hound!
The great blast of fire engulfs the orb of fire!!!
The orb of fire partially resists.
The orb of fire is severely damaged.
The great blast of fire engulfs the orb of fire!!!
The orb of fire partially resists.
The orb of fire is heavily damaged.
You hear a bark!
You hear a deafening roar!
The orb of fire glows red.
The bolt of fire hits your fire vortex.
Your fire vortex completely resists.
The bolt of fire misses you.
The orb of fire glows deep purple.
The bolt of fire hits your fire vortex.
Your fire vortex completely resists.
Your +3 warlock's mirror {omnireflect} reflects the bolt of fire!
The bolt of fire hits your fire vortex.
Your fire vortex completely resists.
The bolt of fire hits the orb of fire.
The orb of fire completely resists.
The hell hound completely misses you.
The orb of fire glows red.
The bolt of fire hits your fire vortex.
Your fire vortex completely resists.
The bolt of fire misses you.
Casting: Fire Storm (dangerous; 1% risk of failure)
Confirm with . or Enter, or press ? or * to list all spells.
Aiming: Fire Storm (dangerous; 1% risk of failure)
Press: ? - help, Dir - move target A raging storm of fire appears!
The great blast of fire engulfs the orb of fire!!
The orb of fire partially resists.
The orb of fire is severely damaged.
The great blast of fire engulfs the orb of fire!!
The orb of fire partially resists.
The orb of fire is almost destroyed.
You hear a shout! x2; You hear a deafening roar!
You hear a shout! x2
You hear a deafening roar!
You hear a shout!
The orb of fire emits a lurid red light.
The bolt of fire hits your fire vortex.
Your fire vortex completely resists.
The bolt of fire hits your fire vortex.
Your fire vortex completely resists.
The bolt of fire hits you!! You resist. The hell hound breathes flames at you.
The blast of flame misses you.
Your fire vortex misses the orb of fire.
Something bites your fire vortex.
Your fire vortex is engulfed in flames.
Your fire vortex completely resists.
Something claws your fire vortex!
Your fire vortex is engulfed in flames.
Your fire vortex completely resists.
Throw: 23 javelins (silver)
Press: ? - help, Q - select action, (/) - cycle Shift-Dir - straight line, f - orb of fire
Aim: an orb of fire (flame, almost destroyed, ally target, 34% to hit, chaotic) Really fire in your fire vortex's direction? [Y]es or [N]o only, please.
Really fire in your fire vortex's direction?
You throw a silver javelin.
The silver javelin pierces through your fire vortex.
Your fire vortex is moderately damaged.
The silver javelin closely misses the orb of fire.
The hell hound bites you but does no damage.
Your fire vortex hits something.
Your fire vortex dissipates!
Your fire vortex hits the orb of fire.
Your fire vortex dissipates!
Your fire vortex hits the orb of fire.
Your fire vortex dissipates!
The hell hound completely misses you.
A fire giant comes into view.
It is wielding a +0 great sword of flaming.
A fire crab comes into view.
The hell hound closely misses you.
Throw: 22 javelins (silver)
Press: ? - help, Q - select action, (/) - cycle Shift-Dir - straight line, f/p - orb of fire
Aim: an orb of fire (flame, severely damaged, 34% to hit, chaotic)
You throw a silver javelin.
The silver javelin closely misses the orb of fire.
The silver javelin pierces through the fire giant!
The fire giant is moderately wounded.
Your surroundings suddenly seem different. 2 fire giants, a balrug, 2 fire crabs, a hell hound, an orb of fire and 2 fire elementals come into view.
A fire giant is wielding a +2 great sword of flaming.
A fire giant is wielding a +5 great sword of flaming.
The balrug is wielding a +2 scimitar of flaming.
The orb of fire glows bright magenta.
The fireball explodes!
The fireball engulfs your fire vortex.
Your fire vortex completely resists.
The fireball engulfs you! You resist.
The fireball engulfs the fire crab.
The fire crab completely resists.
The fireball engulfs the fire elemental.
The fire elemental completely resists.
The orb of fire emits a lurid red light.
The bolt of fire hits the orb of fire.
The orb of fire completely resists.
The bolt of fire hits your fire vortex.
Your fire vortex completely resists.
The bolt of fire misses you.
The bolt of fire hits the balrug.
The balrug completely resists.
Your fire vortex barely misses the fire elemental.
The balrug hits you but does no damage.
The fire elemental completely misses you.
Your fire vortex hits the fire elemental.
Your fire vortex dissipates!
The orb of fire glows deep purple.
The bolt of fire hits the fire elemental.
The fire elemental completely resists.
The bolt of fire misses you.
The fire giant points at you and mumbles some strange words.
The fireball explodes!
The fireball engulfs the fire elemental.
The fire elemental completely resists.
The fireball engulfs the fire giant!
The fire giant resists.
The fireball engulfs the fire crab.
The fire crab completely resists.
The fireball engulfs the fire elemental.
The fire elemental completely resists.
The fireball engulfs you! You resist.
The fireball engulfs the balrug.
The balrug completely resists.
The fire crab completely misses you. The fire crab misses you.
You block the balrug's attack. You block the fire elemental's attack.
The fire giant points at you and mumbles some strange words.
The fireball explodes!
The fireball engulfs the fire elemental.
The fire elemental completely resists.
The fireball engulfs the fire giant!
The fire giant resists.
The fireball engulfs the fire crab.
The fire crab completely resists.
The fireball engulfs the fire elemental.
The fire elemental completely resists.
The fireball engulfs you! You resist.
* * * LOW HITPOINT WARNING * * *
The fireball engulfs the balrug.
The balrug completely resists.
The fire crab breathes flames at you.
Your +3 warlock's mirror {omnireflect} reflects the blast of flame!
The blast of flame engulfs the fire crab but does no damage.
You hear a deafening roar!
You hear a shout!
You hear a bark! x2
You hear a shout!
You hear a bark!
Blink to where?
Press: ? - help, Dir - move target, p - orb of fire 2 hell hounds, 2 efreet, 2 fire giants, 2 fire dragons, 2 balrugs, a fire crab and 2 fire elementals come into view.
An efreet is wielding a +4 scimitar of flaming.
An efreet is wielding a +2 scimitar of flaming.
A fire giant is wielding a +2 great sword of flaming.
A fire giant is wielding a +0 great sword of flaming.
A balrug is wielding a +0 demon whip of electrocution.
A balrug is wielding a +1 demon whip of draining.
As you read the scroll of blinking, it crumbles to dust.
The balrug shouts!
A fire dragon comes into view.
The fire dragon is engulfed in blazing flames.
Blink to where?
Press: ? - help, Dir - move target
As you read the scroll of blinking, it crumbles to dust.
As you read the scroll of fog, it crumbles to dust.
The scroll dissolves into smoke.
Really use End Transformation? [Y]es or [N]o only, please.
Really use End Transformation?
You feel yourself come back to life.
Sorry, you're not good enough to have a special ability.
You are confused.
You feel invigorated.
You feel yourself speed up.
You feel much better. The hell hound closely misses you.
You are too confused!
Okay, then.
Unknown command.
Press: ? - help, v - describe, . - travel
Here: a fire dragon (grey smoke)
The floor.
You fade into invisibility!
The hell hound bites you.
Okay, then.
The hell hound closely misses you. The fire dragon closely misses you.
The fire dragon claws you but does no damage.
The fire dragon tramples you but does no damage.
The hell hound breathes flames at you. The blast of flame hits you. You resist.
You feel better.
You feel less invigorated. You block the hell hound's attack.
You block the fire dragon's attack. The fire dragon barely misses you.
The fire dragon misses you.
Casting: Fire Storm (dangerous; 1% risk of failure)
Confirm with . or Enter, or press ? or * to list all spells.
You erupt in a blast of force!
The mystic blast hits the fire elemental!
The fire elemental is moderately damaged.
The mystic blast hits the hell hound but does no damage.
The mystic blast hits the fire giant but does no damage.
The mystic blast hits the fire dragon.
The fire dragon is lightly wounded.
Magical energy flows into your mind! The hell hound misses you.
You block the fire giant's attack.
An efreet comes into view.
It is wielding a +1 scimitar of flaming.
As you read the scroll of teleportation, it crumbles to dust.
You feel strangely unstable. The hell hound misses you.
Casting: Iskenderun's Mystic Blast (safe; 0% risk of failure)
Confirm with . or Enter, or press ? or * to list all spells.
Your body is suffused with negative energy!
Magical energy flows into your mind!
The hell hound bites you but does no damage.
The fire giant hits you with a +0 great sword of flaming!
The fire giant burns you.
The orb of fire glows yellow.
The bolt of fire misses you.
Casting: Necromutation (dangerous; 6% risk of failure)
Confirm with . or Enter, or press ? or * to list all spells.
Aiming: Fire Storm (dangerous; 1% risk of failure)
Press: ? - help, Dir - move target A raging storm of fire appears!
The great blast of fire engulfs the orb of fire!!
The orb of fire partially resists.
The orb of fire is lightly damaged.
The great blast of fire engulfs the fire dragon!!!
The fire dragon partially resists.
The fire dragon is heavily wounded.
The great blast of fire engulfs the fire elemental!!!
The fire elemental partially resists.
You destroy the fire elemental!
You hear a deafening roar!
You hear a bark!
You hear a deafening roar!
You hear a shout! x2
The hell hound misses you.
A fire elemental comes into view.
The fire dragon is engulfed in blazing flames.
The fire giant hits you but does no damage.
Casting: Fire Storm (dangerous; 1% risk of failure)
Confirm with . or Enter, or press ? or * to list all spells.
Aiming: Fire Storm (dangerous; 1% risk of failure)
Press: ? - help, Dir - move target A raging storm of fire appears!
The great blast of fire engulfs the fire dragon!!!
The fire dragon partially resists.
The fire dragon is almost dead.
The great blast of fire engulfs the efreet!!!
The efreet partially resists.
You kill the efreet!
The great blast of fire engulfs the orb of fire!!!
The orb of fire partially resists.
The orb of fire is heavily damaged.
The great blast of fire engulfs the fire elemental!!!
The fire elemental partially resists.
You destroy the fire elemental!
The great blast of fire engulfs the fire elemental!!
The fire elemental partially resists.
You destroy the fire elemental!
The great blast of fire engulfs the fire giant!!!
The fire giant partially resists.
The fire giant is moderately wounded.
You hear a bark!
You hear a shout!
You hear a bark!
You hear a deafening roar! x2
The hell hound bites you but does no damage.
The hell hound barely misses you.
The fire dragon is engulfed in blazing flames.
Casting: Fire Storm (dangerous; 1% risk of failure)
Confirm with . or Enter, or press ? or * to list all spells.
Aiming: Fire Storm (dangerous; 1% risk of failure)
Press: ? - help, Dir - move target A raging storm of fire appears!
The great blast of fire engulfs the fire dragon!!!
The fire dragon partially resists.
You kill the fire dragon!
The great blast of fire engulfs the orb of fire!!!
The orb of fire partially resists.
The orb of fire is severely damaged.
Magical energy flows into your mind!
Your surroundings suddenly seem different.
A balrug and 2 hell hounds come into view.
The balrug is wielding a +1 demon whip of electrocution.
You feel your intelligence returning.
Casting: Fire Storm (dangerous; 1% risk of failure)
Confirm with . or Enter, or press ? or * to list all spells.
Aiming: Lehudib's Crystal Spear (mildly dangerous; 1% risk of failure)
Press: ? - help, Shift-Dir - straight line, f - orb of fire
Aim: an orb of fire (severely damaged, 63% to hit)
The crystal spear hits the orb of fire!!!
You destroy the orb of fire!
Magical energy flows into your mind!
The fire dragon roars deafeningly!
The balrug gestures at you. Something smites you!
A fire elemental comes into view.
A fire dragon comes into view.
Casting: Lehudib's Crystal Spear (mildly dangerous; 1% risk of failure)
Confirm with . or Enter, or press ? or * to list all spells.
Aiming: Lehudib's Crystal Spear (mildly dangerous; 1% risk of failure)
Press: ? - help, Shift-Dir - straight line, f - balrug
Aim: a balrug, wielding a +1 demon whip of electrocution (80% to hit)
The crystal spear hits the balrug!!!!
You kill the balrug!
The fire dragon is engulfed in blazing flames.
The hell hound closely misses you.
An efreet comes into view.
It is wielding a +0 scimitar of flaming.
A hell hound comes into view.
A balrug comes into view. It is wielding a +0 demon whip.
The hell hound closely misses you. The hell hound misses you.
An efreet comes into view.
It is wielding a +1 scimitar of flaming.
The hell hound attacks as you move away!
The hell hound completely misses you.
The hell hound attacks as you move away!
You block the hell hound's attack.
The fire giant points at you and mumbles some strange words.
The bolt of fire hits the hell hound.
The hell hound completely resists.
The bolt of fire hits you but does no damage.
The fire dragon roars deafeningly!
The efreet gestures at you.
The fireball explodes!
The fireball engulfs the hell hound.
The hell hound completely resists.
The fireball engulfs the hell hound.
The hell hound completely resists.
The efreet gestures at you.
The bolt of fire hits the hell hound.
The hell hound completely resists.
The bolt of fire hits the hell hound.
The hell hound completely resists.
Your +3 warlock's mirror {omnireflect} reflects the bolt of fire!
The bolt of fire misses the hell hound.
The bolt of fire hits the efreet.
The efreet completely resists.
You hear a shout!
You hear a deafening roar!
You hear a shout!
You hear a deafening roar!
You hear a shout!
Casting: Lehudib's Crystal Spear (mildly dangerous; 1% risk of failure)
Confirm with . or Enter, or press ? or * to list all spells.
Aiming: Fire Storm (dangerous; 1% risk of failure)
Press: ? - help, Dir - move target A raging storm of fire appears!
The great blast of fire engulfs the hell hound!!
The hell hound partially resists.
You kill the hell hound!
The great blast of fire engulfs the balrug!!!
The balrug partially resists.
The balrug is heavily wounded.
The great blast of fire engulfs the fire dragon!!!
The fire dragon partially resists.
The fire dragon is heavily wounded.
The great blast of fire engulfs the fire elemental!!!
The fire elemental partially resists.
You destroy the fire elemental!
The great blast of fire engulfs the hell hound!!
The hell hound partially resists.
The hell hound is almost dead.
Magical energy flows into your mind!
You hear a shout!
You block the hell hound's attack.
Casting: Fire Storm (dangerous; 1% risk of failure)
Confirm with . or Enter, or press ? or * to list all spells.
Aiming: Fire Storm (dangerous; 1% risk of failure)
Press: ? - help, Dir - move target, f - fire vortex
Aim: a fire vortex (flame, friendly)
A raging storm of fire appears!
The great blast of fire engulfs the balrug!!
The balrug partially resists.
The balrug is almost dead.
The great blast of fire engulfs the fire dragon!!!
The fire dragon partially resists.
You kill the fire dragon!
The great blast of fire engulfs the fire elemental!!!
The fire elemental partially resists.
You destroy the fire elemental!
Magical energy flows into your mind!
You hear a deafening roar!
The hell hound breathes flames at you. The blast of flame misses you.
The hell hound bites you but does no damage.
The hell hound closely misses you.
Something barely misses your fire vortex.
Casting: Fire Storm (dangerous; 1% risk of failure)
Confirm with . or Enter, or press ? or * to list all spells.
Aiming: Fire Storm (dangerous; 1% risk of failure)
Press: ? - help, Dir - move target, f - fire vortex, p - fire vortex
Aim: a fire vortex (flame, friendly)
A raging storm of fire appears!
The great blast of fire engulfs the balrug!!!
The balrug partially resists.
You kill the balrug!
The great blast of fire engulfs the hell hound!!!
The hell hound partially resists.
You kill the hell hound!
Magical energy flows into your mind! The hell hound breathes flames at you.
The blast of flame misses you. Something hits your fire vortex!!
Your fire vortex is engulfed in flames.
Your fire vortex completely resists.
The hell hound completely misses you.
An efreet comes into view.
It is wielding a +2 scimitar of flaming.
The efreet hits your fire vortex with a +0 scimitar of flaming!
The efreet gestures at you. The bolt of fire hits your fire vortex.
Your fire vortex completely resists.
The bolt of fire hits your fire vortex.
Your fire vortex completely resists.
The bolt of fire hits you. You resist.
Your fire vortex hits the efreet.
Your fire vortex dissipates!
Your fire vortex hits the efreet.
Your fire vortex dissipates!
Your fire vortex hits the efreet.
Your fire vortex dissipates!
You feel your intelligence returning. The hell hound completely misses you.
Your fire vortex hits the efreet.
Your fire vortex dissipates!
Your fire vortex barely misses something.
A fire giant comes into view.
It is wielding a +2 great sword of flaming.
Your fire vortex hits something.
Your fire vortex dissipates!
Your fire vortex hits the efreet.
Your fire vortex dissipates!
The hell hound misses you.
Your fire vortex hits the efreet.
Your fire vortex dissipates!
Something barely misses your fire vortex.
The hell hound attacks as you move away!
The hell hound misses you.
The hell hound pauses to sniff the ground.
Casting: Fire Storm (dangerous; 1% risk of failure)
Confirm with . or Enter, or press ? or * to list all spells.
Aiming: Fulminant Prism (safe; 0% risk of failure)
Press: ? - help, Dir - move target You conjure a prism of explosive energy!
Magical energy flows into your mind!
A fulminant prism comes into view.
The hell hound closely misses you. x2
Clouds of thunder condense around you!
The condenser dries out!
You block the hell hound's attack.
Your fire vortex hits something.
Your fire vortex dissipates!
The hell hound is struck by lightning.
The hell hound barely misses you.
The efreet sizzles in the rain.
The hell hound bites you but does no damage.
Your fulminant prism crackles loudly.
The hell hound is struck by lightning.
The hell hound misses you. x2
The efreet sizzles in the rain.
The efreet gestures at you.
The fireball explodes!
The fireball engulfs the hell hound.
The hell hound completely resists.
The fireball engulfs the hell hound.
The hell hound completely resists.
The fireball engulfs you. You resist.
The fire giant is struck by lightning.
The fire giant gestures at you while chanting.
The fireball explodes!
The fireball engulfs the hell hound.
The hell hound completely resists.
The fireball engulfs you. You resist.
The fireball engulfs the hell hound.
The hell hound completely resists.
The fire giant casts a spell at you.
The fireball explodes!
The fireball engulfs your fulminant prism!!
Your fulminant prism resists.
Your fulminant prism explodes!
The blast of energy engulfs the hell hound!!!
You kill the hell hound!
The blast of energy engulfs the hell hound!!!
You kill the hell hound!
You hear a deafening roar!
You hear a shout!
You hear a deafening roar!
Casting: Fulminant Prism (safe; 0% risk of failure)
Confirm with . or Enter, or press ? or * to list all spells.
Aiming: Fire Storm (dangerous; 1% risk of failure)
Press: ? - help, Dir - move target A raging storm of fire appears!
The great blast of fire engulfs the fire giant!!!
The fire giant partially resists.
The fire giant is severely wounded.
The great blast of fire engulfs the hell hound!!!
The hell hound partially resists.
You kill the hell hound!
The great blast of fire engulfs the efreet!!!
The efreet partially resists.
You kill the efreet!
The great blast of fire engulfs the fire giant!!
The fire giant partially resists.
The fire giant is heavily wounded.
The great blast of fire engulfs the efreet!!
The efreet partially resists.
You kill the efreet!
Magical energy flows into your mind! Something hits your fire vortex!!
Your fire vortex is engulfed in flames.
Your fire vortex completely resists.
You flicker for a moment.
Something hits your fire vortex!!
Your fire vortex dissipates!
The fire giant is struck by lightning.
The fire giant casts a spell at you.
The fireball explodes!
The fireball engulfs you. You resist.
Your fire vortex is struck by lightning.
Your fire vortex sizzles in the rain.
Casting: Fire Storm (dangerous; 1% risk of failure)
Confirm with . or Enter, or press ? or * to list all spells.
Aiming: Fire Storm (dangerous; 1% risk of failure)
Press: ? - help, Dir - move target A raging storm of fire appears!
The great blast of fire engulfs the fire giant!!!
The fire giant partially resists.
You kill the fire giant!
The great blast of fire engulfs the fire giant!!!
The fire giant partially resists.
You kill the fire giant!
The great blast of fire engulfs the fire giant!!
The fire giant partially resists.
The fire giant is heavily wounded.
You hear a bark! x2
Something hits your fire vortex. Something hits your fire vortex!
Your fire vortex is engulfed in flames.
Your fire vortex completely resists.
Something hits your fire vortex!!
Your fire vortex dissipates!
The fire giant is engulfed in blazing flames.
Your fire vortex sizzles in the rain.
Aiming: Iceblast
Press: ? - help, Shift-Dir - straight line
Okay, then.
Unknown command.
A hell hound comes into view.
Something hits your fire vortex. x2; Something hits your fire vortex!!
Your fire vortex dissipates!
Your fire vortex hits the fire giant.
Your fire vortex burns the fire giant!
The fire giant completely resists.
Your fire vortex dissipates!
Your fire vortex closely misses the hell hound.
The fire dragon is engulfed in blazing flames.
The fire dragon breathes flames at you.
The blast of flame hits your fire vortex.
Your fire vortex completely resists.
The blast of flame hits your fire vortex.
Your fire vortex completely resists.
Aiming: Iceblast
Press: ? - help, Shift-Dir - straight line, f - fire giant
Aim: a fire giant, wielding a +0 great sword of flaming (thunder, heavily wounded)
The mass of ice explodes!
The iceblast engulfs the fire giant!!
The fire giant is severely wounded.
You hear a deafening roar!
Your fire vortex is struck by lightning.
Your fire vortex sizzles in the rain. x2
Your fire vortex hits the fire elemental.
Your fire vortex dissipates!
An orb of fire comes into view.
As you read the scroll of teleportation, it crumbles to dust.
You feel strangely unstable.
Your fire vortex is struck by lightning.
Your fire vortex sizzles in the rain.
Your fire vortex completely misses the hell hound.
The hell hound bites your fire vortex.
The fire elemental is struck by lightning.
The fire elemental sizzles in the rain.
Casting: Fire Storm (dangerous; 1% risk of failure)
Confirm with . or Enter, or press ? or * to list all spells.
Aiming: Fire Storm (dangerous; 1% risk of failure)
Press: ? - help, Dir - move target, p - fire giant A raging storm of fire appears!
The great blast of fire engulfs the orb of fire!!!
The orb of fire partially resists.
The orb of fire is moderately damaged.
The great blast of fire engulfs the fire elemental!!!
The fire elemental partially resists.
You destroy the fire elemental!
The great blast of fire engulfs the hell hound!!!
The hell hound partially resists.
You kill the hell hound!
The great blast of fire engulfs the balrug!!
The balrug partially resists.
The balrug is heavily wounded.
Your fire vortex sizzles in the rain.
The fire giant casts a spell at you.
The fireball explodes!
The fireball engulfs you. You resist.
The fire dragon is struck by lightning.
The balrug gestures at you. Something smites you!
The fire dragon roars deafeningly!
Casting: Fire Storm (dangerous; 1% risk of failure)
Confirm with . or Enter, or press ? or * to list all spells.
Aiming: Fire Storm (dangerous; 1% risk of failure)
Press: ? - help, Dir - move target, f - fire vortex
Aim: a fire vortex (thunder, friendly)
A raging storm of fire appears!
The great blast of fire engulfs the orb of fire!!!
The orb of fire partially resists.
The orb of fire is heavily damaged.
The great blast of fire engulfs the fire giant!!!
The fire giant partially resists.
The fire giant is moderately wounded.
The great blast of fire engulfs the fire dragon!!!
The fire dragon partially resists.
The fire dragon is heavily wounded.
The great blast of fire engulfs the balrug!!!
The balrug partially resists.
The balrug is almost dead.
You flicker back into view.
The fire elemental sizzles in the rain.
Your fire vortex sizzles in the rain.
Your fire vortex hits the orb of fire.
Your fire vortex dissipates!
The balrug gestures at you. Something smites you!
* * * LOW HITPOINT WARNING * * *
Your fire vortex is struck by lightning.
Your fire vortex sizzles in the rain.
The fire dragon is engulfed in blazing flames.
The fire dragon bites your fire vortex. The fire dragon claws your fire vortex.
The fire dragon tramples your fire vortex.
Your fire vortex is shoved backwards!
The fire giant points at you and mumbles some strange words.
The bolt of fire misses you.
A fire crab comes into view.
The balrug hits your fire vortex with a +0 demon whip of electrocution!!
Your fire vortex dissipates!
Your fire vortex sizzles in the rain.
Your fire vortex hits the balrug.
Your fire vortex dissipates!
Your fire vortex hits the fire elemental.
Your fire vortex dissipates!
A fire elemental comes into view.
Your fire vortex sizzles in the rain.
Your extra speed is starting to run out.
The balrug is struck by lightning.
You kill the balrug!
A fire giant comes into view.
It is wielding a +2 great sword of flaming.
The fire crab bites your fire vortex!
Your fire vortex is engulfed in flames.
Your fire vortex completely resists.
The fire crab claws your fire vortex!
Your fire vortex is engulfed in flames.
Your fire vortex completely resists.
Your fire vortex hits the balrug.
Your fire vortex dissipates!
Your fire vortex closely misses the fire dragon.
Your surroundings suddenly seem different.
A fire crab comes into view.
The fire crab breathes flames at you. The efreet gestures at you.
The fireball explodes!
The fireball engulfs you. You resist.
* * * LOW HITPOINT WARNING * * *
You hear a deafening roar! x2
As you read the scroll of fog, it crumbles to dust.
The scroll dissolves into smoke.
The hell hound breathes flames at you.
The blast of flame hits you but does no damage.
You resist.
As you read the scroll of teleportation, it crumbles to dust.
You feel strangely unstable.
You feel yourself slow down. The fire elemental hits you.
The fire elemental burns you! You resist.
* * * LOW HITPOINT WARNING * * *
You slip backwards!
You hit the fire elemental.
The fire elemental is lightly damaged.
You block the fire elemental's attack.
Casting: Fire Storm (dangerous; 1% risk of failure)
Confirm with . or Enter, or press ? or * to list all spells.
You erupt in a blast of force!
The mystic blast hits the hell hound.
The hell hound is moderately wounded.
The hell hound is knocked back by the mystic blast.
The mystic blast hits the fire elemental!
The fire elemental is moderately damaged.
Magical energy flows into your mind!
Your surroundings suddenly seem different.
A fire dragon, a balrug, an efreet and 2 fire giants come into view.
The balrug is wielding a +2 demon whip of venom.
The efreet is wielding a +0 scimitar of flaming.
A fire giant is wielding a +1 great sword of flaming.
A fire giant is wielding a +2 great sword of flaming.
The fire giant points at you and mumbles some strange words.
The fireball explodes!
The fireball engulfs you. You resist.
* * * LOW HITPOINT WARNING * * *
The fireball engulfs the fire giant.
The fire giant resists.
The fireball engulfs the fire dragon.
The fire dragon resists.
The fire giant hits you with a +2 great sword of flaming!!
* * * LOW HITPOINT WARNING * * *
You slip backwards!
The fire giant burns you.
* * * LOW HITPOINT WARNING * * *
The fire crab breathes flames at you. The blast of flame misses you.
The efreet gestures at you. The bolt of fire hits you. You resist.
* * * LOW HITPOINT WARNING * * *
The balrug gestures at you. Something smites you!
* * * LOW HITPOINT WARNING * * *
The balrug moves out of view.
You hear a shout!
Blink to where?
Press: ? - help, Dir - move target
As you read the scroll of blinking, it crumbles to dust.
The balrug gestures at you.
The fireball explodes!
The fireball engulfs you. You resist.
You die...

Skill      XL: |  1  2  3  4  5  6  7  8  9 10 11 12 13 14 15 16 17 18 19 20 21 22 23 24 25 26 27 |
---------------+----------------------------------------------------------------------------------+-----
Stealth        | 2 3 4 |  4.0
Spellcasting   | 2 3 4 5 6 7 8 9 10 11 12 13 14 15 16 17 18 19 20 23 | 23.1
Conjurations   | 4 5 7 8 9 10 11 12 13 14 15 16 18 20 21 23 24 | 24.0
Translocations | 1 2 3 4 5 |  5.0
Hexes          | 2 4 5 |  5.0
Earth Magic    | 2 4 5 7 8 9 10 11 12 | 12.0
Dodging        | 2 5 6 7 8 9 |  9.8
Armour         | 1 4 6 7 9 10 11 12 | 12.7
Fighting       | 1 4 6 7 8 9 10 | 10.7
Evocations     | 2 4 5 6 11 20 | 20.0
Necromancy     | 1 4 5 6 7 8 13 | 13.8
Fire Magic     | 5 9 12 15 17 19 20 21 22 23 24 | 24.0
Shields        | 3 6 7 |  7.4
Transmutations | 14 | 14.3

Action                   |  1- 3 |  4- 6 |  7- 9 | 10-12 | 13-15 | 16-18 | 19-21 | 22-24 | 25-27 || total
-------------------------+-------+-------+-------+-------+-------+-------+-------+-------+-------++-------
Melee: Dagger            |     4 |       |       |       |       |       |       |       |       ||     4
       Short sword       |       |     5 |       |       |       |       |       |       |       ||     5
       Flail             |       |       |     6 |    80 |    67 |       |       |       |       ||   153
       Punch             |       |       |       |     2 |     3 |       |       |       |       ||     5
       Staff             |       |       |       |       |    58 |   171 |    81 |    40 |     6 ||   356
 Fire: Arbalest          |       |       |    29 |    22 |       |       |       |       |       ||    51
Throw: Dart              |       |     4 |     4 |    12 |    38 |    12 |       |       |       ||    70
       Boomerang         |       |       |     4 |    10 |       |    33 |     9 |     4 |     2 ||    62
       Javelin           |       |       |       |       |       |       |       |       |     5 ||     5
 Cast: Magic Dart        |    81 |    16 |    10 |       |       |       |       |       |       ||   107
       Searing Ray       |    13 |    24 |    44 |    14 |     3 |       |       |       |       ||    98
       Stone Arrow       |       |       |    10 |   214 |    57 |     1 |       |       |       ||   282
       Fulminant Prism   |       |       |     7 |   100 |   110 |   100 |    15 |     3 |     1 ||   336
       Iskenderun's Myst |       |       |     2 |     8 |    16 |    39 |    37 |     1 |     9 ||   112
       Iron Shot         |       |       |       |       |   204 |   585 |   542 |   451 |   106 ||  1888
       Borgnjor's Vile C |       |       |       |       |     9 |    24 |    16 |       |     1 ||    50
       Blink             |       |       |       |       |     1 |     4 |     7 |     6 |     2 ||    20
       Apportation       |       |       |       |       |       |     8 |       |       |     2 ||    10
       Starburst         |       |       |       |       |       |     3 |    13 |       |       ||    16
       Fireball          |       |       |       |       |       |    43 |   167 |    28 |     3 ||   241
       Ignition          |       |       |       |       |       |       |    43 |   104 |    44 ||   191
       Fire Storm        |       |       |       |       |       |       |       |       |   423 ||   423
       Lehudib's Crystal |       |       |       |       |       |       |       |       |   118 ||   118
       Necromutation     |       |       |       |       |       |       |       |       |     3 ||     3
 Abil: End Transformatio |       |       |       |       |       |       |       |       |     1 ||     1
Evoke: Wand              |       |       |       |     9 |     5 |     9 |     4 |     7 |    10 ||    44
       Box of beasts     |       |       |       |       |     1 |     1 |       |     1 |       ||     3
       Tin of tremorston |       |       |       |       |     1 |     5 |     4 |     2 |     4 ||    16
       Lightning rod     |       |       |       |       |       |     6 |     4 |       |     3 ||    13
       Condenser vane    |       |       |       |       |       |     1 |       |     1 |     2 ||     4
  Use: Potion            |       |       |     1 |     3 |     5 |     4 |     5 |     4 |    33 ||    55
       Scroll            |       |       |     2 |     9 |    11 |    13 |     9 |     3 |    27 ||    74
 Stab: Paralysed         |       |       |       |     8 |     6 |       |       |       |       ||    14
Armor: Robe              |     4 |     6 |     1 |       |       |       |       |       |       ||    11
       Steam dragon scal |       |       |    24 |   100 |    68 |       |       |       |       ||   192
       Ring mail         |       |       |       |       |     1 |       |       |       |       ||     1
       Swamp dragon scal |       |       |       |       |    45 |   301 |   150 |    83 |    87 ||   666
Dodge: Dodged            |    14 |     6 |    51 |   206 |   231 |   481 |   220 |    99 |   218 ||  1526
Block: Buckler           |       |       |       |       |       |   177 |       |     2 |    58 ||   237
       Reflection        |       |       |       |       |       |    19 |    19 |       |     5 ||    43
       Kite shield       |       |       |       |       |       |    50 |   169 |    81 |       ||   300

Levels and vault maps discovered:
D:1:      minmay_arrival_shattered_statue, layout_basic,
          hellmonk_ecumenical_altar_inner_sanctum, minmay_misc_feat_more_columns
D:2:      layout_loops_ring, chequers_serial_rivers_marsh, corner_web_ring,
          uniq_crazy_yiuf_cottage
D:3:      layout_basic, minmay_statues_item, uniq_sigmund
D:4:      layout_cave_pods, nicolae_ru_the_path_less_chosen,
          nicolae_overflow_squiral, serial_bayou_lagoon_b, uniq_ijyb
D:5:      layout_loops_ring, trog_ov_bears_minmay, gammafunk_ghost_stat_death
D:6:      layout_cave_pools, minmay_temple_entry_gardened_gates,
          kennysheep_minor_cross, minmay_manual_mess, uniq_duvessa
D:7:      layout_rooms, mainiacjoe_overflow_concentric_impassable,
          serial_bayou_ford_a, uniq_prince_ribbit1, uniq_menkaure
D:8:      layout_basic
D:9:      layout_irregular_city, erik_lair_island, serial_shops,
          nicolae_shop_advertising_works [nicolae_subvault_shop_adworks],
          nicolae_zen_rock_garden
D:10:     layout_roguey, hangedman_decor_points, uniq_urug
D:11:     layout_gridville, makhleb_altar_promises_db, uniq_nergalle
D:12:     minmay_the_grid_octo_tiled_squarecenter
          [minmay_the_grid_octo_fat_diamond, minmay_the_grid_octo_chip,
          minmay_the_grid_octo_shrine, minmay_the_grid_octo_fan_narrow,
          minmay_the_grid_square_5x5_megaprize_checkered,
          minmay_the_grid_square_5x5_three_walls,
          minmay_the_grid_square_5x5_slash,
          minmay_the_grid_square_5x5_doubleslash,
          minmay_the_grid_square_5x5_shrine1], layout_irregular_city,
          kennysheep_path_1
D:13:     layout_irregular_city, david_vaults_3, portal_ice_cave_entry_imps
D:14:     layout_cave_pools, ashenzari_conservatory_becter,
          columned_hall_lemuel, kennysheep_slug_shrine, uniq_rupert
D:15:     grunt_enter_depths_snipers, layout_basic, grunt_gozag_breadcrumbs,
          nicolae_specific_store, minmay_orc_keep
Lair:1:   layout_cave_shapes, gauntlet_entry_generic, wad_woods_river_01,
          lemuel_fruit_tree, serial_bayou_shore_a
Lair:2:   regret_index_bee_streams, layout_regular_city,
          nicolae_spider_entry_orb_guardian, infiniplex_staircase_pool_2
Lair:3:   layout_misc_corridors, elwin_shoals_entry_stream, uniq_josephine,
          uniq_gastronok, uniq_snorg
Lair:4:   layout_cave_pods, slime_entry_1, hangedman_tree_tricks,
          hibernation_bobbens, grunt_megastairs_4
Lair:5:   minmay_lair_end_frog_pond, layout_gridlike, enter_volcano_3,
          nicolae_lair_grove_arrangements
Shoals:1: layout_shoals, serial_shops, shop_fountains, shop, shop, shop,
          nicolae_shop_hallway_plus, gammafunk_ghost_split
Shoals:2: layout_shoals, uniq_ilsuiw
Shoals:3: layout_shoals, nicolae_shoals_drake_roost
Shoals:4: shoals_end_grunt_ice, layout_shoals, uniq_polyphemus
Spider:1: layout_cave_pods, spiders_nest_hornet_nest,
          hangedman_spider_tarantella_strand
Spider:2: layout_cave_pods, uniq_kirke, uniq_aizul, uniq_azrael
Spider:3: layout_spider_delve
Spider:4: grunt_spider_rune_parallel, ebering_ghost_reflecting_pool
Slime:1:  layout_caves
Slime:2:  layout_caves, nicolae_slime_rock_hall_of_fame
Slime:3:  layout_caves
Slime:4:  layout_caves, cheibrodos_slime_lost_civilization_7
Slime:5
Orc:1:    layout_caves, serial_shops, shop
Orc:2:    st_orc_town, layout_caves
Elf:1:    eino_elf_arrival_the_gate, layout_loops_corners,
          minmay_elf_annihilation
Elf:2:    elven_hall_of_blades_hangedman_alternative [nicolae_blade_bullseye],
          layout_gridlike, lemuel_statue_altar, dk_noncrumbling_3
Elf:3:    minmay_elf_hall_four_x, layout_geoelf_octagon, due_unseen_surprise,
          uniq_roxanne
Vaults:1: hangedman_vaults_impose, ontoclasm_vaults_tryst, v_misc_26,
          grunt_tower_of_power, dpeg_vaults_monster_box,
          nicolae_vaults_angled_halls, nicolae_vaults_border_crossing,
          hangedman_vaults_impose, hangedman_vaults_stretched_pinwheel,
          layout_vaults_omnigrid, serial_shops, shop, uniq_zenata
Vaults:2: portal_desolation_entry_holy_temple, nicolae_vaults_fighting_squares,
          ontoclasm_vaults_decontamination, vaults_mumra_minichess_inversion,
          not_door_vault_mu, nicolae_vaults_shelves_hall,
          vaults_standard_mumra_x, dpeg_vaults_monster_row,
          ontoclasm_vaults_shuriken, nicolae_vaults_yaktaur_gun_rack,
          minmay_crypt_entry_nasty_monster, v_rooms_2, layout_vaults_omnibox,
          serial_shops, bzr_entry_lakeside
Vaults:3: vaults_room_semicircle, nicolae_vaults_triangles, st_smaller_cells,
          ontoclasm_vaults_ring_large, v_alt_pattern_3, grunt_vaults_focal,
          nicolae_vaults_asterisk, nicolae_vaults_network_s,
          nicolae_vaults_little_squares_1, v_misc_13, v_misc_18,
          nicolae_vaults_little_squares_1, layout_vaults_omnicross,
          uniq_margery, uniq_sojobo, uniq_bai_suzhen
Vaults:4: vaults_dpeg_hooks, v_misc_3, grunt_vaults_diagonal,
          ontoclasm_vaults_ligature, nicolae_vaults_little_ls, v_misc_32,
          vaults_room_large_hall, nicolae_vaults_circle_grid_b, v_misc_26,
          vaults_room_hallway, v_misc_26, hangedman_vaults_cutoff,
          layout_vaults_big_room
Vaults:5: serial_shops
Crypt:1:  layout_chaotic_city, nicolae_crypt_cryptocurrency,
          lemuel_upstairs_altar, grunt_crypt_arrival_guarded_gate
Crypt:2:  layout_misc_corridors, basic_altar, gammafunk_ghost_fury_of_okawaru
Crypt:3:  due_elkab, layout_chaotic_city
Depths:1: layout_gridlike, enter_ziggurat_d, pf_dread_powers_of_hell,
          abyss_entry, elyvilon_altar_1, brannock_xom_greatest_gift
Depths:2: minmay_chopped_fan, layout_basic, grunt_mini_vestibule,
          solitary_fountain, abyss_entry_crystal, rand_demon_pan_entry_7
Depths:3: kennysheep_funnel, layout_basic, hell_entry,
          infiniplex_enter_wizlab_glasses, hangedman_abyss_entry_splay,
          serial_bayou_shore_b
Depths:4: lemuel_castle_with_subvaults [lemuel_castle_interior_carwin_2],
          layout_gridlike, nemelex_spade_bored_becter, grunt_hell_entry_dis_mu,
          nicolae_abyss_entry_one_way_or_another
Zot:1:    layout_twisted_circle, hangedman_zot_decor_tridents,
          grunt_megastairs_2
Zot:2:    layout_gridlike, lemuel_elevator
Zot:3:    layout_misc_corridors
Zot:4:    layout_misc_corridors, hangedman_zot_decor_slant, uniq_josephina,
          uniq_grunn
Zot:5:    layout_cellular_growth
Zig:25

Notes
Turn   | Place    | Note
-------+----------+-------------------------------------------
     0 | D:1      | scionoferis the Demigod Conjurer began the quest for the
                  | Orb.
     0 | D:1      | Reached XP level 1. HP: 14/14 MP: 5/5
   163 | D:1      | Reached skill level 2 in Stealth
   497 | D:1      | Reached XP level 2. HP: 20/20 MP: 4/7
   500 | D:1      | Learned a level 2 spell: Searing Ray
   637 | D:1      | Reached skill level 2 in Spellcasting
  1091 | D:1      | Reached skill level 4 in Conjurations
  1487 | D:2      | Reached XP level 3. HP: 26/26 MP: 2/8
  1702 | D:2      | Found a runed translucent door.
  1703 | D:2      | Noticed Crazy Yiuf
  2522 | D:3      | Reached skill level 3 in Stealth
  2703 | D:3      | Noticed Sigmund
  2962 | D:3      | Identified +0 pearl dragon scales
  2982 | D:3      | Reached XP level 4. HP: 33/33 MP: 5/10
  2987 | D:3      | Learned a level 4 spell: Iskenderun's Mystic Blast
  3642 | D:4      | Noticed an ogre
  3723 | D:4      | Reached skill level 1 in Translocations
  3723 | D:4      | Reached XP level 5. HP: 38/38 MP: 11/11
  3787 | D:4      | Reached skill level 4 in Stealth
  3787 | D:4      | Reached skill level 5 in Conjurations
  4017 | D:4      | Noticed Ijyb
  4051 | D:4      | Killed Ijyb
  4410 | D:4      | Reached XP level 6. HP: 42/45 MP: 12/13
  4484 | D:4      | Reached skill level 3 in Spellcasting
  4708 | D:4      | Reached skill level 2 in Translocations
  4798 | D:5      | Entered Level 5 of the Dungeon
  4931 | D:5      | Reached XP level 7. HP: 50/50 MP: 15/15
  4934 | D:5      | Reached skill level 6 in Conjurations
  5088 | D:5      | Noticed Juicyj's ghost (novice MiFi)
  5116 | D:5      | Found a transporter.
  5137 | D:5      | Found a transporter.
  5277 | D:5      | Reached skill level 3 in Translocations
  5725 | D:6      | Reached skill level 4 in Spellcasting
  5936 | D:6      | Reached skill level 7 in Conjurations
  5939 | D:6      | Reached XP level 8. HP: 44/57 MP: 17/17
  6159 | D:6      | Noticed Duvessa
  6178 | D:6      | Reached skill level 4 in Translocations
  6298 | D:6      | Learned a level 3 spell: Stone Arrow
  6303 | D:6      | Learned a level 4 spell: Fulminant Prism
  6372 | D:6      | Found a staircase to the Ecumenical Temple.
  6387 | D:6      | Noticed a two-headed ogre
  6463 | D:7      | Identified the +1 flail of Evisceration {freeze, rPois rC+
                  | Str+2 Stlth+}
  6502 | D:7      | Noticed Prince Ribbit
  6502 | D:7      | Noticed Menkaure
  6523 | D:7      | Killed Menkaure
  6531 | D:7      | Killed Prince Ribbit
  6532 | D:7      | Reached skill level 1 in Hexes
  6532 | D:7      | Reached skill level 1 in Earth Magic
  6647 | D:7      | Reached skill level 8 in Conjurations
  6753 | D:7      | Reached skill level 5 in Spellcasting
  6823 | D:7      | Got the Parchment of Spicy Detritus
  6893 | D:7      | Reached skill level 2 in Hexes
  6893 | D:7      | Reached skill level 2 in Earth Magic
  6898 | D:7      | Reached XP level 9. HP: 52/62 MP: 20/20
  6942 | D:7      | Reached skill level 5 in Translocations
  7418 | D:8      | Reached skill level 3 in Hexes
  7418 | D:8      | Reached skill level 3 in Earth Magic
  8263 | D:8      | Noticed a two-headed ogre
  8273 | D:8      | Killed a two-headed ogre
  8274 | D:8      | Reached skill level 6 in Spellcasting
  8274 | D:8      | Reached skill level 4 in Hexes
  8274 | D:8      | Reached skill level 4 in Earth Magic
  8645 | D:2      | Killed Crazy Yiuf
  8909 | D:3      | Killed Sigmund
  9012 | D:5      | Killed Juicyj's ghost
  9013 | D:5      | Reached skill level 9 in Conjurations
  9013 | D:5      | Reached XP level 10. HP: 69/69 MP: 13/23
  9449 | D:6      | Killed Duvessa
  9458 | D:6      | Noticed Dowan
  9462 | D:6      | Killed Dowan
  9589 | D:6      | Killed a two-headed ogre
  9590 | D:6      | Reached skill level 5 in Hexes
  9599 | D:6      | Reached skill level 5 in Earth Magic
  9923 | D:9      | Reached skill level 7 in Spellcasting
 10230 | D:9      | Found Raychall's Armour Shoppe.
 10636 | D:9      | Reached skill level 10 in Conjurations
 10726 | D:9      | Found a staircase to the Lair.
 10975 | D:9      | Reached skill level 2 in Dodging
 10999 | D:9      | Reached skill level 1 in Armour
 11157 | D:9      | Reached skill level 1 in Fighting
 11606 | D:10     | Entered Level 10 of the Dungeon
 11635 | D:10     | Noticed a two-headed ogre
 11640 | D:10     | Killed a two-headed ogre
 11941 | D:10     | Reached XP level 11. HP: 79/79 MP: 26/26
 11999 | D:10     | Reached skill level 2 in Armour
 12045 | D:10     | Identified the +8 great mace "Caew" {venom, rPois rCorr}
 12051 | D:10     | Reached skill level 2 in Fighting
 12104 | D:10     | Noticed Urug
 12529 | D:11     | Reached skill level 3 in Dodging
 13025 | D:11     | Reached skill level 3 in Armour
 13034 | D:11     | Reached skill level 3 in Fighting
 13034 | D:11     | Reached skill level 8 in Spellcasting
 13109 | D:11     | Identified a +2 robe of resistance
 13109 | D:11     | Noticed Nergalle
 13116 | D:11     | Killed Nergalle
 13260 | D:11     | Reached skill level 4 in Dodging
 13621 | D:11     | You fall into a shaft and drop 1 floor!
 13983 | D:11     | Noticed a blizzard demon
 14087 | D:11     | Noticed a boulder beetle
 14094 | D:11     | Killed a boulder beetle
 14285 | D:12     | Noticed a death knight
 14308 | D:12     | Reached skill level 4 in Armour
 14412 | D:12     | Reached skill level 4 in Fighting
 14459 | D:12     | Noticed a two-headed ogre
 14464 | D:12     | Killed a two-headed ogre
 14684 | D:12     | Found a staircase to the Orcish Mines.
 14738 | D:12     | Reached skill level 11 in Conjurations
 14824 | D:12     | Noticed a boulder beetle
 14824 | D:12     | Noticed a two-headed ogre
 14825 | D:12     | Noticed a tengu warrior
 14835 | D:12     | Killed a two-headed ogre
 14836 | D:12     | Reached skill level 5 in Dodging
 14849 | D:12     | Killed a tengu warrior
 14850 | D:12     | Reached XP level 12. HP: 69/92 MP: 5/29
 14860 | D:12     | Killed a boulder beetle
 15068 | D:12     | Noticed a centaur warrior
 15081 | D:12     | Killed a centaur warrior
 15239 | D:12     | Reached skill level 5 in Fighting
 15239 | D:12     | Reached skill level 5 in Armour
 15405 | D:12     | Noticed a five-headed hydra
 15518 | D:12     | Identified the +7 swamp dragon scales of Fanaticism {rPois
                  | rN++ Stlth+}
 15518 | D:12     | Noticed a centaur warrior
 15867 | Lair:1   | Entered Level 1 of the Lair of Beasts
 15932 | Lair:1   | Reached skill level 9 in Spellcasting
 15965 | Lair:1   | Found a gate leading to a gauntlet.
 15990 | Gauntlet | Entered a Gauntlet
 15990 | Gauntlet | Found a runed translucent door.
 15990 | Gauntlet | Found a transporter.
 15990 | Gauntlet | Found a runed translucent door.
 15990 | Gauntlet | Found a transporter.
 16054 | Gauntlet | Found a transporter.
 16067 | Gauntlet | Found a transporter.
 16084 | Gauntlet | Found a transporter.
 16084 | Gauntlet | Found a transporter.
 16084 | Gauntlet | Found a transporter.
 16086 | Gauntlet | Found a transporter.
 16086 | Gauntlet | Found a transporter.
 16095 | Gauntlet | Noticed a reaper
 16101 | Gauntlet | Found a transporter.
 16111 | Gauntlet | Found a runed translucent door.
 16115 | Gauntlet | Found a transporter.
 16124 | Gauntlet | Found a transporter.
 16138 | Gauntlet | Found a transporter.
 16172 | Gauntlet | Found a transporter.
 16282 | Gauntlet | Reached skill level 1 in Evocations
 16501 | Gauntlet | Killed a reaper
 16502 | Gauntlet | Reached skill level 6 in Dodging
 16509 | Gauntlet | Identified the +1 cloak "Luekuesm" {rC+ Regen+ SInv}
 16620 | Gauntlet | Noticed a minotaur
 16638 | Gauntlet | Killed a minotaur
 16765 | Gauntlet | Got the Volume of the Body
 16770 | Gauntlet | Identified the +1 robe of Gallantry {rC+++ Str-3 Int+3
                  | Dex-4}
 16864 | D:9      | Learned a level 5 spell: Borgnjor's Vile Clutch
 16911 | Lair:1   | Reached skill level 2 in Evocations
 18230 | Lair:2   | Reached skill level 1 in Necromancy
 18315 | Lair:2   | Reached skill level 6 in Fighting
 18323 | Lair:2   | Reached skill level 6 in Armour
 18914 | Lair:2   | Identified the +0 buckler "Zelusug" {Regen+ rCorr Dex-5}
 19027 | Lair:2   | Found a hole to the Spider Nest.
 19107 | Lair:2   | Reached XP level 13. HP: 102/102 MP: 23/31
 19139 | Lair:2   | Reached skill level 3 in Evocations
 19315 | Lair:2   | Reached skill level 2 in Necromancy
 19737 | Lair:2   | Got the Information on Earthen Ashes
 19745 | Lair:2   | Learned a level 6 spell: Iron Shot
 20606 | Lair:3   | Learned a level 1 spell: Apportation
 20754 | Lair:3   | Noticed Gastronok
 20895 | Lair:3   | Killed Gastronok
 20896 | Lair:3   | Reached skill level 3 in Necromancy
 21115 | Lair:3   | Reached skill level 6 in Earth Magic
 21274 | Lair:3   | Noticed Snorg
 21278 | Lair:3   | Killed Snorg
 21429 | Lair:3   | Noticed Josephine
 21438 | Lair:3   | Killed Josephine
 21439 | Lair:3   | Reached skill level 7 in Dodging
 21439 | Lair:3   | Reached skill level 12 in Conjurations
 21902 | Lair:3   | Found a staircase to the Shoals.
 22326 | Lair:3   | Reached skill level 4 in Evocations
 22865 | Lair:4   | Reached skill level 4 in Necromancy
 22936 | Lair:4   | Learned a level 2 spell: Blink
 23161 | Lair:4   | Found a staircase to the Slime Pits.
 24029 | Lair:4   | Reached skill level 7 in Fighting
 24240 | Lair:4   | Reached skill level 7 in Armour
 24513 | Lair:4   | Reached skill level 7 in Earth Magic
 25165 | D:10     | Killed Urug
 25444 | D:12     | Reached XP level 14. HP: 113/113 MP: 7/32
 26238 | D:12     | Reached skill level 5 in Necromancy
 26810 | Lair:5   | Entered Level 5 of the Lair of Beasts
 26924 | Lair:5   | Found a dark tunnel.
 26969 | Lair:5   | Reached skill level 10 in Spellcasting
 27119 | Volcano  | Entered a volcano
 27182 | Volcano  | Found the +2 pair of slick slippers {slick, slippery, EV+5}
 27418 | Volcano  | Reached skill level 5 in Evocations
 28440 | Lair:5   | Reached skill level 8 in Earth Magic
 28721 | Lair:5   | Reached skill level 8 in Armour
 29232 | Lair:5   | Identified a potion of experience
 29233 | Lair:5   | Reached skill level 9 in Armour
 29233 | Lair:5   | Reached XP level 15. HP: 119/119 MP: 27/34
 29239 | Lair:5   | Identified a scarf of resistance
 29243 | Lair:5   | Reached skill level 8 in Dodging
 30160 | Lair:5   | Reached skill level 6 in Necromancy
 30263 | Lair:5   | Reached skill level 10 in Armour
 30635 | Lair:5   | Learned a level 6 spell: Starburst
 30855 | Orc:1    | Entered Level 1 of the Orcish Mines
 31237 | Orc:2    | Entered Level 2 of the Orcish Mines
 31249 | Orc:2    | Found a staircase to the Elven Halls.
 31567 | Orc:2    | Reached skill level 8 in Fighting
 32031 | Orc:1    | Found Taoj's Antique Armour Shop.
 32039 | Orc:1    | Bought a glowing hat for 203 gold pieces
 32263 | Orc:2    | Reached skill level 9 in Earth Magic
 32689 | Orc:2    | Reached skill level 6 in Evocations
 33283 | Orc:2    | Found Hotsamua's Antique Armour Shoppe.
 33283 | Orc:2    | Found Ycagyarph's Jewellery Shop.
 33477 | Orc:2    | Found Peozxag's Armour Shoppe.
 33477 | Orc:2    | Found Fele's General Store.
 33492 | Orc:2    | Bought a scroll of identify for 26 gold pieces
 33492 | Orc:2    | Bought a scroll of amnesia for 52 gold pieces
 33527 | Orc:2    | Bought a +1 pair of gloves of dexterity for 247 gold pieces
 33623 | D:13     | Noticed Nessos
 33623 | D:13     | Noticed Rupert
 33623 | D:13     | Found a gate to the Vaults.
 33702 | D:13     | Found a frozen archway.
 33721 | D:13     | Reached XP level 16. HP: 124/128 MP: 26/35
 33722 | IceCv    | Entered an ice cave
 33984 | IceCv    | Identified the +1 helmet of Refuge {rC+ rN+ Str+3 Int-2}
 34094 | IceCv    | Reached skill level 1 in Fire Magic
 35043 | D:13     | Reached skill level 2 in Fire Magic
 35094 | D:13     | Killed Nessos
 35095 | D:13     | Reached skill level 1 in Shields
 35485 | D:13     | Killed Rupert
 36042 | D:14     | Identified a scroll of acquirement
 36768 | D:14     | Reached skill level 3 in Fire Magic
 37298 | Orc:2    | Bought a +1 helmet of see invisible for 247 gold pieces
 37512 | Spider:1 | Entered Level 1 of the Spider Nest
 37799 | Lair:2   | Reached skill level 2 in Shields
 38268 | Lair:2   | Reached skill level 11 in Armour
 38569 | Lair:2   | Reached skill level 7 in Necromancy
 39093 | Spider:1 | Reached skill level 4 in Fire Magic
 39954 | Spider:1 | You fall into a shaft and drop 1 floor!
 39954 | Spider:2 | Noticed Kirke
 39965 | Spider:2 | Killed Kirke
 39966 | Spider:2 | Reached skill level 3 in Shields
 39983 | Spider:2 | Reached skill level 11 in Spellcasting
 40834 | Spider:1 | Reached skill level 5 in Fire Magic
 41286 | Spider:2 | Noticed Aizul
 41541 | Spider:2 | Reached skill level 9 in Fighting
 41652 | Spider:2 | Killed Aizul
 42181 | Spider:2 | Noticed Azrael
 42243 | Spider:2 | Killed Azrael
 42564 | Spider:2 | Reached skill level 10 in Earth Magic
 43480 | Spider:3 | Reached XP level 17. HP: 137/137 MP: 32/37
 44124 | Spider:3 | Reached skill level 4 in Shields
 44155 | Spider:3 | Reached skill level 6 in Fire Magic
 44313 | Spider:3 | Reached skill level 12 in Armour
 46136 | Orc:2    | Bought a ring of flight for 192 gold pieces
 46353 | Shoals:1 | Entered Level 1 of the Shoals
 46504 | Shoals:1 | Found Sibeaf's Magic Scroll Shoppe.
 46516 | Shoals:1 | Bought a scroll of identify for 20 gold pieces
 46519 | Shoals:1 | Noticed mampy3000's ghost (journeyman MiBe)
 46568 | Shoals:1 | Found Luhuv's Distillery.
 46573 | Shoals:1 | Bought a potion of curing for 39 gold pieces
 46573 | Shoals:1 | Bought a potion of curing for 39 gold pieces
 46654 | Shoals:1 | Found a runed translucent gate.
 46654 | Shoals:1 | Found a runed translucent gate.
 46654 | Shoals:1 | Found a runed translucent gate.
 46706 | Shoals:1 | Found Leebor's Antique Armour Boutique.
 46848 | Shoals:1 | Found Tekit's Antique Armour Boutique.
 46852 | Shoals:1 | Identified the +6 trident of Pock {speed, Dex+4}
 46852 | Shoals:1 | Identified the +1 scale mail "Ramar" {rC+ rCorr Dex+2}
 47036 | Shoals:1 | Found Migrikepp's General Store.
 47044 | Shoals:1 | Reached skill level 8 in Necromancy
 47420 | Shoals:1 | Killed mampy3000's ghost
 47464 | Shoals:1 | Identified the amulet "Okuleodd" {Acrobat rCorr Str+5}
 48058 | Shoals:2 | Reached skill level 7 in Fire Magic
 48740 | Shoals:2 | Noticed Ilsuiw
 48754 | Shoals:2 | Reached skill level 5 in Shields
 48772 | Shoals:2 | Killed Ilsuiw
 50432 | Shoals:3 | Reached skill level 8 in Fire Magic
 50594 | Shoals:3 | Reached skill level 10 in Fighting
 52808 | Spider:4 | Entered Level 4 of the Spider Nest
 53098 | Spider:4 | Reached skill level 6 in Shields
 53226 | Spider:4 | Reached skill level 11 in Earth Magic
 53520 | Spider:4 | Found a runed translucent door.
 53526 | Spider:4 | Noticed bjtr's ghost (adept GrEE)
 54051 | Spider:4 | Reached skill level 9 in Fire Magic
 54380 | Spider:4 | Reached skill level 12 in Spellcasting
 54844 | Spider:4 | Reached XP level 18. HP: 115/147 MP: 13/39
 55603 | Spider:4 | Upgraded the game from 0.30-a0-691-g754fce4c43 to
                  | 0.30-a0-696-g2367cd04db
 56078 | Spider:4 | Got a gossamer rune of Zot
 56271 | Spider:4 | Killed bjtr's ghost
 56272 | Spider:4 | Reached skill level 10 in Fire Magic
 56280 | Spider:4 | Identified the +2 pair of boots of Kindness {Will- rCorr
                  | Str+6}
 56388 | Spider:4 | Learned a level 5 spell: Fireball
 56669 | D:15     | Entered Level 15 of the Dungeon
 57639 | D:15     | Found Fiph's General Store.
 57644 | D:15     | Found Revubl Izao's Specific Store.
 57652 | D:15     | Bought a potion of curing for 36 gold pieces
 57824 | D:15     | Found a staircase to the Depths.
 58821 | Shoals:4 | Entered Level 4 of the Shoals
 59189 | Shoals:4 | Noticed Polyphemus
 59334 | Shoals:4 | Reached skill level 11 in Fire Magic
 59521 | Shoals:4 | Killed Polyphemus
 59785 | Shoals:4 | Reached skill level 12 in Earth Magic
 60855 | Shoals:4 | Got a barnacled rune of Zot
 62298 | Shoals:1 | Bought a scroll of magic mapping for 75 gold pieces
 62526 | Elf:1    | Entered Level 1 of the Elven Halls
 62717 | Elf:1    | Reached skill level 12 in Fire Magic
 63055 | Elf:1    | Reached skill level 13 in Spellcasting
 63413 | Elf:1    | Got the Precepts of Conjuring
 64283 | Elf:2    | Paralysed by an air elemental for 1 turns
 64721 | Elf:2    | Reached skill level 13 in Conjurations
 64943 | Elf:2    | Reached XP level 19. HP: 139/154 MP: 17/41
 65946 | Elf:2    | Found a huge runed translucent gate.
 65946 | Elf:2    | Found a huge runed translucent gate.
 65946 | Elf:2    | Found a huge runed translucent gate.
 65946 | Elf:2    | Found a huge runed translucent gate.
 65946 | Elf:2    | Found a huge runed translucent gate.
 66089 | Elf:2    | Reached skill level 13 in Fire Magic
 66256 | Elf:3    | Entered Level 3 of the Elven Halls
 66732 | Elf:3    | Identified a +1 robe of resistance
 66815 | Elf:3    | Identified Roxanne's Vademecum on the Quake
 66815 | Elf:3    | Noticed Roxanne
 67059 | Elf:3    | Killed Roxanne
 67991 | Elf:3    | Identified the ring of Sotompa {*Slow rElec Will+ Int+3
                  | Dex+2}
 67992 | Elf:3    | Identified the +4 great sword of the Head {spect, *Rage
                  | rN++ Str+3}
 67992 | Elf:3    | Identified the amulet of Lulif {rElec rF+ Regen+ Dex-5}
 68638 | Elf:3    | Noticed a Brimstone Fiend
 68820 | Elf:3    | Reached skill level 14 in Fire Magic
 70953 | D:9      | Acquired 439 gold pieces
 70955 | D:9      | Acquired scionoferis's Book of Adjuration and the Blink
                  | Frog
 71013 | Vaults:1 | Entered Level 1 of the Vaults
 71291 | Vaults:1 | Reached skill level 14 in Spellcasting
 71292 | Vaults:1 | Reached skill level 14 in Conjurations
 71454 | Vaults:1 | Identified the +0 robe of the True Pharaoh {rN+ Will+
                  | Slay+3 Archmagi}
 71455 | Vaults:1 | Identified the +2 robe of Sophism {rF+ rC+}
 71456 | Vaults:1 | Identified the +1 robe of the Three Heavens {SInv}
 71940 | Vaults:1 | Noticed Zenata
 71946 | Vaults:1 | Killed Zenata
 72760 | Vaults:1 | Identified a +2 robe of resistance
 73190 | Vaults:1 | Reached skill level 15 in Fire Magic
 73702 | Vaults:1 | Found Wuxeticko's Jewellery Shop.
 74247 | Vaults:2 | Found a flickering gateway to a bazaar.
 74266 | Bazaar   | Entered a bazaar
 74266 | Bazaar   | Found Vuuxog's Book Shoppe.
 74266 | Bazaar   | Found Ludut's Antique Armour Shoppe.
 74266 | Bazaar   | Found Ziuqaent's Antique Weapon Boutique.
 74268 | Bazaar   | Found Aroz's Magic Scroll Boutique.
 74295 | Bazaar   | Found Adyzaufo's General Store.
 74303 | Bazaar   | Bought a potion of invisibility for 88 gold pieces
 74320 | Bazaar   | Bought a scroll of teleportation for 27 gold pieces
 74320 | Bazaar   | Bought a scroll of magic mapping for 67 gold pieces
 74320 | Bazaar   | Bought a scroll of amnesia for 36 gold pieces
 74364 | Vaults:2 | Found a crumbling gateway.
 74382 | Desolati | Entered the Desolation of Salt
 74393 | Desolati | Reached XP level 20. HP: 161/161 MP: 4/44
 74875 | Desolati | Got the Encyclopedia of the Vexing Quake
 74882 | Desolati | Found the +7 captain's cutlass {speed, disarm}
 74895 | Desolati | Identified the +9 arbalest of the Original Sin {flame,
                  | *Slow rCorr Str+8 Dex-2}
 74897 | Desolati | Identified the +7 trident "Hellblazer" {heavy, rC+ rN++
                  | Dex+4}
 75438 | Desolati | Identified the amulet "Ryjiequk" {RegenMP +Blink rN+++
                  | Dex-3 Stlth+}
 75630 | Desolati | Got the Discourse on Beguiling
 75640 | Desolati | Got Sif Muna's Almanac of Trauma and Kindling
 76348 | Vaults:2 | Reached skill level 16 in Fire Magic
 76801 | Vaults:2 | Found a staircase to the Crypt.
 77889 | Vaults:2 | Reached skill level 15 in Conjurations
 78384 | Vaults:2 | Learned a level 8 spell: Ignition
 78477 | Vaults:2 | Reached skill level 15 in Spellcasting
 79217 | Vaults:2 | Found a huge runed gate.
 79217 | Vaults:2 | Found a huge runed gate.
 79217 | Vaults:2 | Found a huge runed gate.
 79220 | Vaults:2 | Found a huge runed gate.
 79221 | Vaults:2 | Found a huge runed gate.
 79221 | Vaults:2 | Found a huge runed gate.
 79221 | Vaults:2 | Found a huge runed gate.
 79222 | Vaults:2 | Found a huge runed gate.
 79222 | Vaults:2 | Found a huge runed gate.
 79222 | Vaults:2 | Found a huge runed gate.
 79228 | Vaults:2 | Found a huge runed gate.
 79228 | Vaults:2 | Found a huge runed gate.
 79228 | Vaults:2 | Found a huge runed gate.
 79228 | Vaults:2 | Found a huge runed gate.
 79228 | Vaults:2 | Found a huge runed gate.
 79228 | Vaults:2 | Found a huge runed gate.
 79229 | Vaults:2 | Found a huge runed gate.
 79230 | Vaults:2 | Found a huge runed gate.
 79231 | Vaults:2 | Found a huge runed gate.
 79381 | Vaults:2 | Found a huge runed gate.
 79381 | Vaults:2 | Found a huge runed gate.
 79381 | Vaults:2 | Found a huge runed gate.
 79381 | Vaults:2 | Found a huge runed gate.
 79381 | Vaults:2 | Found a huge runed gate.
 79383 | Vaults:2 | Found a huge runed gate.
 79384 | Vaults:2 | Found a huge runed gate.
 79385 | Vaults:2 | Found a huge runed gate.
 79386 | Vaults:2 | Found a huge runed gate.
 79399 | Vaults:2 | Reached skill level 17 in Fire Magic
 79867 | Vaults:2 | Found a huge runed gate.
 79867 | Vaults:2 | Found a huge runed gate.
 79867 | Vaults:2 | Found a huge runed gate.
 79867 | Vaults:2 | Found a huge runed gate.
 79867 | Vaults:2 | Found a huge runed gate.
 79868 | Vaults:2 | Found a huge runed gate.
 79869 | Vaults:2 | Found a huge runed gate.
 79870 | Vaults:2 | Found a huge runed gate.
 80781 | Vaults:3 | Noticed Margery
 80801 | Vaults:3 | Killed Margery
 81371 | Vaults:3 | Reached XP level 21. HP: 168/168 MP: 3/46
 81887 | Vaults:3 | Reached skill level 18 in Fire Magic
 82864 | Vaults:3 | Noticed Sojobo
 82865 | Vaults:3 | Noticed Bai Suzhen
 82881 | Vaults:3 | Killed Sojobo
 83099 | Vaults:3 | Killed Bai Suzhen
 84220 | Vaults:4 | Reached skill level 16 in Spellcasting
 84504 | Vaults:4 | Identified the +1 ring mail of Shrieking Liberty {Harm rC-
                  | Regen+ Str+5}
 85396 | Vaults:4 | Reached skill level 19 in Fire Magic
 86346 | Crypt:1  | Entered Level 1 of the Crypt
 86466 | Crypt:1  | Identified the +5 shortbow of Fury {drain, Dex+3 Stlth+}
 88869 | Crypt:2  | Reached skill level 16 in Conjurations
 90210 | Crypt:2  | Found a runed translucent gate.
 90211 | Crypt:2  | Found a runed translucent gate.
 90211 | Crypt:2  | Found a runed translucent gate.
 90212 | Crypt:2  | Noticed Omiorith's ghost (adept GrFi)
 90212 | Crypt:2  | Identified the +4 ring mail of the Equator {Will+ Slay+3}
 90676 | Crypt:2  | Reached XP level 22. HP: 174/174 MP: 30/48
 91092 | Crypt:2  | Killed Omiorith's ghost
 91254 | Crypt:3  | Entered Level 3 of the Crypt
 91666 | Crypt:3  | Found a staircase to the Tomb.
 92789 | Crypt:3  | Reached skill level 17 in Conjurations
 93118 | Crypt:3  | Identified a +1 robe of the Archmagi
 93683 | Crypt:3  | Reached skill level 17 in Spellcasting
 95879 | Slime:1  | Entered Level 1 of the Pits of Slime
 95961 | Slime:1  | You fall into a shaft and drop 1 floor!
 95974 | Slime:2  | Reached skill level 20 in Fire Magic
 97313 | Slime:4  | Reached skill level 18 in Conjurations
 99275 | Slime:5  | Entered Level 5 of the Pits of Slime
 99438 | Slime:5  | Noticed the Royal Jelly
100098 | Slime:5  | Reached XP level 23. HP: 179/181 MP: 38/51
100375 | Slime:5  | Found the +3 Mad Mage's Maulers {Infuse+∞ VampMP -Cast}
100601 | Slime:5  | Killed the Royal Jelly
100699 | Slime:5  | Identified the amulet of Jexegg {RegenMP rElec Str+2}
100774 | Slime:5  | Identified the ring of the Solstice {Wiz rF- Will++ Str+3}
100779 | Slime:5  | Identified the +3 whip "Iwyrorch" {flame, rPois Str+2
                  | Int+2}
100792 | Slime:5  | Got a slimy rune of Zot
100831 | Slime:5  | Identified the amulet of Dishonesty {rN+ Regen+ Str+2 Dex-5
                  | SInv}
101622 | Depths:1 | Entered Level 1 of the Depths
101630 | Depths:1 | Reached skill level 19 in Conjurations
101941 | Depths:1 | Found a one-way gate to the infinite horrors of the Abyss.
102462 | Depths:1 | Found a gateway to Hell.
102480 | Depths:1 | Noticed a dread lich
102481 | Depths:1 | Found a one-way gateway to a ziggurat.
102498 | Depths:1 | Killed a dread lich
103544 | Depths:2 | Reached skill level 18 in Spellcasting
104299 | Depths:2 | Found a one-way gate leading to the halls of Pandemonium.
104587 | Depths:2 | Reached skill level 20 in Conjurations
104587 | Depths:2 | Reached skill level 21 in Fire Magic
104668 | Depths:2 | Learned a level 9 spell: Fire Storm
105522 | Depths:3 | Found a magical portal.
105546 | WizLab   | Entered Wucad Mu's Monastery
105628 | WizLab   | Found the +9 staff of Wucad Mu {*channel}
105854 | WizLab   | Reached XP level 24. HP: 189/189 MP: 51/51
107406 | Depths:4 | Entered Level 4 of the Depths
107638 | Depths:4 | Reached skill level 21 in Conjurations
108134 | Depths:4 | Noticed Louise
108140 | Depths:4 | Killed Louise
108141 | Depths:4 | Reached XP level 25. HP: 180/194 MP: 23/52
109520 | Depths:4 | Found a gate to the Realm of Zot.
110031 | Depths:4 | Reached skill level 19 in Spellcasting
110071 | Depths:4 | Got the Elucidation of the Turbulent Wayfarer
110545 | Vaults:5 | Entered Level 5 of the Vaults
110547 | Vaults:5 | Reached skill level 22 in Conjurations
110710 | Vaults:5 | Reached skill level 22 in Fire Magic
110710 | Vaults:5 | Noticed a dread lich
110714 | Vaults:5 | HP: 14/194 [yaktaur/bolt[a yaktaur captain] (7)]
110752 | Vaults:5 | Identified the +1 robe of Avvaoqac {rElec rF+ Int+2}
111309 | Vaults:5 | Identified a +1 robe of resistance
111867 | Vaults:5 | Killed a dread lich
112193 | Vaults:5 | Got a silver rune of Zot
112785 | D:15     | Learned a level 8 spell: Lehudib's Crystal Spear
112975 | Zot:1    | Entered Level 1 of the Realm of Zot
112978 | Zot:1    | Reached skill level 23 in Conjurations
113004 | Zot:1    | Reached XP level 26. HP: 181/202 MP: 43/53
113169 | Zot:1    | Noticed an electric golem
113176 | Zot:1    | Killed an electric golem
113177 | Zot:1    | Reached skill level 7 in Evocations
114562 | D:9      | Upgraded the game from 0.30-a0-696-g2367cd04db to
                  | 0.30-a0-702-gdf48620a09
114931 | Elf:2    | Reached skill level 8 in Evocations
115469 | Orc:2    | Bought the ring "Poolaumu" {Fire Int+4} for 444 gold pieces
116063 | Zot:2    | Reached skill level 20 in Spellcasting
116360 | Zot:2    | Reached skill level 9 in Evocations
116535 | Zot:2    | Identified the ring "Taokumev" {Ice rCorr}
116694 | Zot:2    | Identified the +10 war axe of Uncertain Death {flame, rC+}
117187 | Zot:3    | Identified the amulet "Loqiukk" {RegenMP Str+4 Int+5}
117585 | Zot:3    | You fall into a shaft and drop 1 floor!
117587 | Zot:4    | Reached skill level 10 in Evocations
117589 | Zot:4    | Noticed Grunn
117593 | Zot:4    | Killed Grunn
118255 | Zot:4    | Reached skill level 23 in Fire Magic
118935 | Zot:5    | Entered Level 5 of the Realm of Zot
119066 | Zot:5    | Noticed a curse toe
119068 | Zot:5    | Killed a curse toe
119069 | Zot:5    | Reached skill level 11 in Evocations
119323 | Zot:5    | Noticed a curse toe
119325 | Zot:5    | Killed a curse toe
119432 | Zot:5    | Noticed an electric golem
119435 | Zot:5    | Killed an electric golem
119548 | Zot:5    | Noticed an ancient lich
119550 | Zot:5    | Killed an ancient lich
119604 | Zot:5    | Noticed an electric golem
119606 | Zot:5    | Noticed an orb of fire
119606 | Zot:5    | Killed an electric golem
119609 | Zot:5    | Gained mutation: Armour fits poorly on your strangely
                  | shaped body. [an orb of fire]
119611 | Zot:5    | Killed an orb of fire
119612 | Zot:5    | Reached XP level 27. HP: 209/209 MP: 7/54
119695 | Zot:5    | Noticed an orb of fire
119695 | Zot:5    | Noticed a dread lich
119699 | Zot:5    | Killed a dread lich
119705 | Zot:5    | Gained mutation: You are vulnerable to cold. (rC-) [an orb
                  | of fire]
119705 | Zot:5    | Gained mutation: You are clumsy. (Dex -2) [an orb of fire]
119707 | Zot:5    | Killed an orb of fire
119708 | Zot:5    | Reached skill level 12 in Evocations
119762 | Zot:5    | Noticed an orb of fire
119765 | Zot:5    | Killed an orb of fire
119838 | Zot:5    | Noticed an orb of fire
119841 | Zot:5    | Killed an orb of fire
119903 | Zot:5    | Noticed a curse toe
119907 | Zot:5    | Killed a curse toe
120129 | Zot:5    | Noticed an ancient lich
120131 | Zot:5    | Killed an ancient lich
120132 | Zot:5    | Reached skill level 24 in Conjurations
120177 | Zot:5    | Noticed an orb of fire
120181 | Zot:5    | Killed an orb of fire
120318 | Zot:5    | Reached skill level 13 in Evocations
120364 | Zot:5    | Noticed an electric golem
120366 | Zot:5    | Killed an electric golem
120890 | D:15     | Lost mutation: You are vulnerable to cold. (rC-) [potion of
                  | mutation]
120890 | D:15     | Lost mutation: Armour fits poorly on your strangely shaped
                  | body. [potion of mutation]
120890 | D:15     | Gained mutation: You occasionally shout uncontrollably at
                  | your foes. [potion of mutation]
120891 | D:15     | Lost mutation: You are clumsy. (Dex -2) [potion of
                  | mutation]
120891 | D:15     | Lost mutation: You occasionally shout uncontrollably at
                  | your foes. [potion of mutation]
120891 | D:15     | Gained mutation: Your system is resistant to poisons.
                  | (rPois) [potion of mutation]
121221 | Zig:1    | Entered Level 1 of a ziggurat
121250 | Zig:2    | Entered Level 2 of a ziggurat
121283 | Zig:3    | Entered Level 3 of a ziggurat
121303 | Zig:3    | Identified the amulet of the Vendetta {Reflect rC+ rN+
                  | SH+5}
121307 | Zig:3    | Identified the +0 ring mail "Sulagh" {Fly rCorr Stlth+}
121310 | Zig:4    | Entered Level 4 of a ziggurat
121313 | Zig:4    | Noticed a caustic shrike
121315 | Zig:4    | Killed a caustic shrike
121366 | Zig:5    | Entered Level 5 of a ziggurat
121538 | Zig:5    | Identified the ring "Lodghong" {Fire rPois Str+3 Int+3
                  | SInv}
121554 | Zig:6    | Entered Level 6 of a ziggurat
121558 | Zig:6    | Noticed a caustic shrike
121558 | Zig:6    | Noticed a caustic shrike
121560 | Zig:6    | Killed a caustic shrike
121560 | Zig:6    | Killed a caustic shrike
121561 | Zig:6    | Reached skill level 21 in Spellcasting
121655 | Zig:6    | Got Daap's Vellum of Different Frost
121664 | Zig:7    | Entered Level 7 of a ziggurat
121675 | Zig:7    | Reached skill level 14 in Evocations
121706 | Zig:7    | Identified the ring of Roahim {Will+ MP+9}
121713 | Zig:7    | Identified the +0 mace of Blind Justice {freeze, *Noise
                  | rPois rF+}
121732 | Zig:8    | Entered Level 8 of a ziggurat
121834 | Zig:8    | Identified the +6 short sword of Infinite Pain {flame, rC+
                  | MP+9 Int+3 Dex+3}
121836 | Zig:8    | Identified the +2 rapier "Demigod's Bane" {freeze, Str+2}
121842 | Zig:8    | Reached skill level 15 in Evocations
121847 | Zig:9    | Entered Level 9 of a ziggurat
121856 | Zig:9    | Noticed a royal mummy
121860 | Zig:9    | Killed a royal mummy
122138 | Zig:9    | Identified the +1 robe of the Falcon {-Tele rPois Slay+3}
122142 | Zig:9    | Got the Grimoire of Beguiling
122146 | Zig:9    | Identified the +2 pair of gloves of Repulsion {rF+}
122179 | Zig:10   | Entered Level 10 of a ziggurat
122188 | Zig:10   | Noticed a dread lich
122190 | Zig:10   | Killed a dread lich
122190 | Zig:10   | Noticed a curse skull
122191 | Zig:10   | Killed a curse skull
122191 | Zig:10   | Noticed a curse skull
122193 | Zig:10   | Killed a curse skull
122194 | Zig:10   | Reached skill level 24 in Fire Magic
122299 | Zig:11   | Entered Level 11 of a ziggurat
122310 | Zig:11   | Noticed a royal mummy
122312 | Zig:11   | Noticed a royal mummy
122313 | Zig:11   | Killed a royal mummy
122314 | Zig:11   | Killed a royal mummy
122314 | Zig:11   | Noticed a royal mummy
122316 | Zig:11   | Killed a royal mummy
122317 | Zig:11   | Reached skill level 16 in Evocations
122320 | Zig:11   | HP: 19/209 [something (11)]
122695 | Zig:11   | Identified the +8 dagger of Ynnyfiy {holy, rPois rF+ MP+9}
122720 | Zig:12   | Entered Level 12 of a ziggurat
122793 | Zig:12   | Identified the ring of Doubts {rN+ Will+ Str+6 Dex+2
                  | Stlth+}
122812 | Zig:12   | Identified the +4 great sword "Jyxadyalaeg" {freeze, Dex+6}
122816 | Zig:12   | Identified the amulet "Gafafed" {Faith +Inv rF+ Dex+3}
122838 | Zig:13   | Entered Level 13 of a ziggurat
123007 | Zig:13   | Identified the +1 mace of Nulikud {spect, rElec rN+ Will+++
                  | Int-3}
123014 | Zig:13   | Identified a +1 robe of resistance
123019 | Zig:13   | Identified the ring of Qasecox {Str+3 Dex+6}
123051 | Zig:14   | Entered Level 14 of a ziggurat
123084 | Zig:14   | Reached skill level 17 in Evocations
123363 | Zig:14   | Lost mutation: Your system is resistant to poisons. (rPois)
                  | [potion of mutation]
123363 | Zig:14   | Gained mutation: You are partially covered in iridescent
                  | scales. (AC +2) [potion of mutation]
123363 | Zig:14   | Gained mutation: You passively dampen the noise of your
                  | surroundings. [potion of mutation]
123363 | Zig:14   | Gained mutation: Your flesh is cold resistant. (rC+)
                  | [potion of mutation]
123372 | Zig:15   | Entered Level 15 of a ziggurat
123394 | Zig:15   | Reached skill level 18 in Evocations
123497 | Zig:15   | Found the +3 greatsling "Punk" {acid, rCorr}
123518 | Zig:15   | Identified the ring of Gopn {*Corrode Fly rF+ rN+++ Dex+6}
123520 | Zig:15   | Identified the +6 scale mail "Yrulupp" {+Inv}
123523 | Zig:15   | Identified the +6 arbalest "Fuigriunt" {penet, *Corrode
                  | rElec Dex-3 Stlth+}
123534 | Zig:15   | Acquired the +0 cloak of the Vanishing Deaths {rF+ Int+3}
123551 | Zig:16   | Entered Level 16 of a ziggurat
123562 | Zig:16   | Noticed a caustic shrike
123571 | Zig:16   | Killed a caustic shrike
123597 | Zig:16   | Noticed a caustic shrike
123611 | Zig:16   | Killed a caustic shrike
123618 | Zig:16   | Reached skill level 22 in Spellcasting
123917 | Zig:16   | Got the Commentary on the Retinue and Peregrination
123919 | Zig:16   | Got the Directory of Spellbinding Variation
123924 | Zig:16   | Identified the amulet "Tyv Corch" {Reflect Regen+ SH+5
                  | SInv}
123946 | Zig:16   | Identified the +0 battleaxe "Tevaed" {distort, rN+}
124003 | Zig:17   | Entered Level 17 of a ziggurat
124040 | Zig:17   | Reached skill level 19 in Evocations
124124 | Zig:17   | Found the +8 mithril axe "Arga" {speed, Will+}
124136 | Zig:17   | Identified the amulet "Ukadee" {RegenMP Int+3}
124141 | Zig:17   | Identified the ring of Red Wine {Fire *Corrode MP+9 Int+3
                  | Slay+4}
124144 | Zig:17   | Identified the ring of Dishonesty {Ice rN+ Will- Dex+4}
124154 | Zig:17   | Identified the ring "Tuteot" {Ice MP-9 Int+9 Dex+3 Stlth-}
124160 | Zig:17   | Identified the ring "Xuixilu" {rC++ EV+5 Stlth-}
124188 | Zig:18   | Entered Level 18 of a ziggurat
124209 | Zig:18   | Noticed a juggernaut
124209 | Zig:18   | Noticed a juggernaut
124211 | Zig:18   | Noticed a juggernaut
124212 | Zig:18   | Killed a juggernaut
124213 | Zig:18   | Killed a juggernaut
124213 | Zig:18   | Killed a juggernaut
124220 | Zig:18   | Reached skill level 9 in Dodging
124227 | Zig:18   | Noticed a juggernaut
124230 | Zig:18   | Killed a juggernaut
124379 | Zig:18   | Identified the +2 scimitar "Zuatzer" {freeze, rC++}
124403 | Zig:18   | Learned a level 8 spell: Necromutation
124469 | Zig:19   | Entered Level 19 of a ziggurat
124483 | Zig:19   | Reached skill level 1 in Transmutations
124490 | Zig:19   | Reached skill level 2 in Transmutations
124492 | Zig:19   | Reached skill level 3 in Transmutations
124510 | Zig:19   | Reached skill level 4 in Transmutations
124641 | Zig:19   | Identified the +8 rapier "Demigod's Bane" {heavy, rElec rC-
                  | Int+3 Stlth+}
124643 | Zig:19   | Identified the +8 shortbow of Blood-Lust {heavy, rF++ rCorr
                  | Dex+3}
124645 | Zig:19   | Got the Papyrus of the Winter and Ashes
124652 | Zig:19   | Identified the ring "Plog" {rPois Will- Str+4}
124719 | Zig:20   | Entered Level 20 of a ziggurat
124760 | Zig:20   | Reached skill level 5 in Transmutations
124762 | Zig:20   | Reached skill level 9 in Necromancy
124762 | Zig:20   | Reached skill level 6 in Transmutations
124765 | Zig:20   | Reached skill level 7 in Transmutations
124823 | Zig:20   | Identified the amulet "Juuvom" {rN+ Will- Regen+ Dex+3}
124828 | Zig:20   | Identified the +0 hat "Umpobat" {rPois Dex-3 SInv Stlth+}
124834 | Zig:20   | Identified the +2 buckler of Autotheism {Regen+ rCorr
                  | Dex-2}
124849 | Zig:20   | Got the Omnibus of Orogeny
124906 | Zig:21   | Entered Level 21 of a ziggurat
124945 | Zig:21   | Noticed Eronueri the pandemonium lord
124947 | Zig:21   | Reached skill level 8 in Transmutations
124947 | Zig:21   | Killed Eronueri the pandemonium lord
124948 | Zig:21   | Reached skill level 10 in Necromancy
124962 | Zig:21   | Reached skill level 9 in Transmutations
125004 | Zig:21   | ooooo: can i get a char dump?
125174 | Zig:21   | Found the +4 Cigotuvi's embrace {Corpsefed rMiasma Drain
                  | rN+}
125176 | Zig:21   | Found the +3 warlock's mirror {omnireflect}
125177 | Zig:21   | Found the +16 obsidian axe {drain, demonic, Mesm Drain Fly
                  | SInv}
125197 | Zig:21   | Identified the +1 chain mail of the Guild-Master {rN+ rCorr
                  | Str-2 Dex+2 SInv}
125245 | Zig:22   | Entered Level 22 of a ziggurat
125269 | Zig:22   | Reached skill level 10 in Transmutations
125273 | Zig:22   | Paralysed by an air elemental for 1 turns
125279 | Zig:22   | Reached skill level 11 in Necromancy
125288 | Zig:22   | Reached skill level 11 in Transmutations
125414 | Zig:22   | Identified the +7 plate armour "Cinuta" {rF+ Will+ Str+2}
125424 | Zig:22   | Identified the amulet of Woege {*Slow rN+++ Regen+ MP+9
                  | Int-5}
125430 | Zig:22   | Identified the +1 long sword "Kiso Jer" {pain, rPois rC++
                  | Str-4 SInv}
125534 | Zig:22   | Lost mutation: You are partially covered in iridescent
                  | scales. (AC +2) [potion of mutation]
125534 | Zig:22   | Lost mutation: Your flesh is cold resistant. (rC+) [potion
                  | of mutation]
125534 | Zig:22   | Lost mutation: You passively dampen the noise of your
                  | surroundings. [potion of mutation]
125534 | Zig:22   | Gained mutation: You have a considerably increased
                  | reservoir of magic. (+20% MP) [potion of mutation]
125534 | Zig:22   | Gained mutation: You are robust. (+10% HP) [potion of
                  | mutation]
125535 | Zig:22   | Lost mutation: You have a considerably increased reservoir
                  | of magic. (+20% MP) [potion of mutation]
125535 | Zig:22   | Lost mutation: You are robust. (+10% HP) [potion of
                  | mutation]
125535 | Zig:22   | Gained mutation: You possess an exceptional clarity of
                  | mind. [potion of mutation]
125535 | Zig:22   | Gained mutation: You have supernaturally acute eyesight.
                  | (SInv) [potion of mutation]
125543 | Zig:23   | Entered Level 23 of a ziggurat
125583 | Zig:23   | Reached skill level 20 in Evocations
125586 | Zig:23   | Reached skill level 12 in Transmutations
125597 | Zig:23   | Reached skill level 12 in Necromancy
125676 | Zig:23   | Identified the +3 broad axe "Ziyquc" {flame, Dex+2}
125677 | Zig:23   | Identified the +6 war axe of Disorder {freeze, *Corrode rF+
                  | Stlth+}
125680 | Zig:23   | Identified the +6 sling "Orarenwi" {antimagic, Drain Will+
                  | Dex+6 SInv}
125683 | Zig:23   | Identified the amulet of Toing {Faith +Inv}
125695 | Zig:23   | Identified the amulet of Perfectionism {RegenMP Str+3}
125702 | Zig:23   | Identified the amulet "Ercheah" {RegenMP rF+ Dex+3}
125756 | Zig:24   | Entered Level 24 of a ziggurat
125780 | Zig:24   | Reached skill level 13 in Transmutations
125816 | Zig:24   | Reached skill level 23 in Spellcasting
125818 | Zig:24   | Reached skill level 13 in Necromancy
126020 | Zig:24   | Identified the +2 rapier "Lifebane" {heavy, +Blink Will-
                  | Dex+4}
126026 | Zig:24   | Identified the +0 great sword "Reavets" {antimagic, rPois
                  | rN+ SInv}
126030 | Zig:24   | Identified the ring "Vaherghyi" {rC+ Int+7}
126036 | Zig:24   | Identified the ring "Ofopus Hidd" {Fly rElec Int+6}
126052 | Zig:24   | Reached skill level 14 in Transmutations
126053 | Zig:24   | Identified the ring "Kaudaz" {rC+ Str+6}
126056 | Zig:24   | Identified the ring "Caghig" {Str+6 Int+5 Dex+6}
126058 | Zig:24   | Identified the +3 executioner's axe of the Chickpea {speed,
                  | rC+}
126065 | Zig:24   | Got the Handbook of the Stag
126069 | Zig:24   | Identified the +4 short sword "Bielly" {heavy, rPois rN+
                  | Str-5}
126122 | Zig:24   | scionoferis: going for 15... couldn't find necro so I
                  | zigged after Zot5, lucked out pretty late, but have necro
                  | online now
126138 | Zig:25   | Entered Level 25 of a ziggurat
126167 | Zig:25   | Noticed an orb of fire
126168 | Zig:25   | Noticed an orb of fire
126177 | Zig:25   | Killed an orb of fire
126177 | Zig:25   | Killed an orb of fire
126178 | Zig:25   | Reached skill level 7 in Shields
126178 | Zig:25   | Noticed an orb of fire
126184 | Zig:25   | Noticed an orb of fire
126185 | Zig:25   | Noticed an orb of fire
126186 | Zig:25   | Killed an orb of fire
126194 | Zig:25   | Noticed an orb of fire
126215 | Zig:25   | Killed an orb of fire
126241 | Zig:25   | Noticed an orb of fire
126252 | Zig:25   | ooooo: Polar Vortex lol
126256 | Zig:25   | HP: 17/211 [efreet/bolt of fire (6)]
126256 | Zig:25   | HP: 4/211 [balrug/divine providence (13)]
126257 | Zig:25   | ooooo: lots of spells not useful here
126257 | Zig:25   | Killed from afar by a balrug

Vanquished Creatures
  the Royal Jelly (Slime:5)
  4 dread liches (Depths:1 Vaults:5 Zot:5 Zig:10)
  2 ancient liches (Zot:5)
  9 orbs of fire (Zot:5 Zig:25)
  3 juggernauts (Zig:18)
  Sojobo (Vaults:3)
  4 royal mummies (Zig:9 Zig:11)
  Bai Suzhen (Vaults:3)
  A pandemonium lord (Zig:21)
  Margery (Vaults:3)
  3 Killer Klowns (Zot:4 Zot:5)
  3 curse toes (Zot:5)
  5 caustic shrikes (Zig:4 Zig:6 Zig:16)
  22 golden dragons (Depths:2 Depths:4 Vaults:5 Zot:2 Zot:3)
  A bone dragon (Depths:2)
  3 doom hounds (Zot:4)
  The ghost of Omiorith the Warrior, an adept GrFi of Cheibriados (Crypt:2)
  2 Tzitzimimeh (Zig:21)
  A Brimstone Fiend (Zig:21)
  The ghost of bjtr the Earth Mage, an adept GrEE of Vehumet (Spider:4)
  4 electric golems (Zot:1 Zot:5)
  4 iron giants (Zig:16)
  25 tentacled monstrosities (Depths:2 Depths:3 Depths:4 Vaults:5 Zot:1)
  2 Hell Sentinels (Zig:6 Zig:16)
  Zenata (Vaults:1)
  Rupert (D:13)
  8 titans (Crypt:2 Vaults:5 Zig:17)
  10 deep elf blademasters (Elf:3 Elf:2 Zig:15 Zig:22)
  A walking earthen tome (Depths:2)
  6 liches (Vaults:1 Vaults:2 Vaults:3 Depths:1 Depths:2)
  Grunn (Zot:4)
  A walking divine tome (Depths:4)
  12 quicksilver dragons (Depths:4 Zot:1 Zot:2 Zot:3 Zot:4)
  24 Orb Guardians (Zot:5)
  10 deep elf master archers (Elf:3 Crypt:2 Zig:12 Zig:15 Zig:22)
  A walking frostbound tome (Depths:3)
  2 Executioners (Zig:21)
  Polyphemus (Shoals:4)
  5 ancient champions (Crypt:1 Zig:10)
  Gastronok (Lair:3)
  A kraken (Shoals:3)
  16 acid blobs (Slime:1 Slime:2 Slime:3 Slime:4 Slime:5)
  10 sphinxes (Vaults:2 Vaults:4 Vaults:5 Zig:17)
  9 death cobs (Zot:1 Zot:2 Zot:3 Zot:5)
  14 tengu reavers (Vaults:1 Vaults:3 Vaults:4 Depths:2 Depths:3)
  Kirke (Spider:2)
  15 shadow dragons (Crypt:3 Depths:4 Vaults:5 Zot:4 Zot:2)
  13 azure jellies (Slime:3 Slime:5 Zig:3)
  9 fire giants (Depths:2 Depths:3 Vaults:5 Zig:17 Zig:25)
  Ilsuiw (Shoals:2)
  5 revenants (Crypt:2 Crypt:3)
  10 draconian monks (Depths:4 Zot:1 Zot:3 Zot:4)
  14 storm dragons (Depths:2 Depths:4 Vaults:5 Zot:1 Zot:2)
  15 rockslimes (Slime:2 Slime:3 Slime:5 Zig:3)
  Roxanne (Elf:3)
  3 draconian knights (Zot:1 Zot:3)
  7 nagarajas (Zig:13)
  6 frost giants (Shoals:4 Depths:2 Vaults:5)
  3 demonspawn warmongers (Zig:21)
  The ghost of mampy3000 the Bludgeoner, a journeyman MiBe of Trog (Shoals:1)
  4 iron dragons (Depths:2 Vaults:5 Zig:16)
  6 deep elf sorcerers (Elf:3 Vaults:5 Zig:17)
  6 emperor scorpions (Spider:2 Spider:4 Zig:7 Zig:14 Zig:19)
  4 draconian scorchers (Zot:1 Zot:2 Zot:4 Zot:5)
  Aizul (Spider:2)
  A quicksilver elemental (Zig:6)
  A spectral juggernaut (Crypt:3)
  5 imperial myrmidons (Desolation)
  9 balrugs (Depths:1 Zig:21 Zig:25)
  A shard shrike simulacrum (Crypt:3)
  Louise (Depths:4)
  20 ghost moths (Lair:2 Spider:1 Spider:4 Zot:3 Zot:4)
  26 vault wardens (Vaults:1 Vaults:2 Vaults:3 Vaults:4 Vaults:5)
  3 draconian stormcallers (Depths:4 Zot:1 Zot:2)
  2 caustic shrike zombies (Crypt:3 Zig:11)
  6 deep elf elementalists (Elf:3 Zig:22)
  6 draconian annihilators (Depths:4 Zot:2 Zot:5)
  2 curse skulls (Zig:10)
  5 orc warlords (Vaults:2 Vaults:4 Zig:18)
  7 war gargoyles (Vaults:3 Vaults:4 Vaults:5 Zig:16)
  17 quicksilver oozes (Slime:2 Slime:3 Slime:4 Slime:1 Slime:5)
  A cacodemon (Zig:21)
  2 angels (Vaults:2)
  5 reapers (Gauntlet Crypt:3 Zig:21)
  20 stone giants (D:15 Vaults:4 Depths:1 Depths:2 Depths:3)
  15 ghouls (Crypt:1 Crypt:2 Crypt:3 Zig:10)
  25 very ugly things (Vaults:1 Vaults:2 Vaults:4 Depths:1 Depths:2)
  5 ironbound thunderhulks (Vaults:1 Vaults:2 Vaults:3 Vaults:4)
  16 ironbound preservers (Vaults:1 Vaults:2 Vaults:3 Vaults:4 Vaults:5)
  12 vampire knights (Crypt:1 Crypt:2 Crypt:3 Depths:2 Depths:3)
  3 demonspawn blood saints (Zig:21)
  5 demonspawn corrupters (Zig:21)
  Nessos (D:13)
  5 demonspawn black suns (Zig:21)
  5 broodmothers (Spider:1 Spider:4 Zig:7 Zig:19)
  Azrael (Spider:2)
  16 black draconians (Depths:4 Zot:1 Zot:2 Zot:3 Zot:4)
  11 green draconians (Depths:4 Zot:1 Zot:2 Zot:3)
  4 eleionomae (Zig:23 Zig:24)
  2 lorocyprocas (Zig:21)
  12 purple draconians (Depths:4 Zot:1 Zot:3 Zot:5)
  8 dire elephants (Vaults:1 Vaults:2 Zig:4)
  16 white draconians (Depths:4 Zot:1 Zot:2 Zot:3 Zot:4)
  3 spectral titans (Crypt:3)
  A minotaur (Gauntlet)
  A spark wasp (shapeshifter) (Vaults:2)
  16 deep elf demonologists (Elf:3 Vaults:5 Zig:12 Zig:15 Zig:17)
  19 deep elf annihilators (Elf:1 Elf:3 Zig:15 Zig:22)
  3 orange crystal statues (WizLab Zot:5 Zig:5)
  8 red draconians (Depths:4 Zot:1 Zot:4)
  13 spark wasps (Spider:4 Depths:1 Depths:4 Zig:14 Zig:19)
  8 yellow draconians (Zot:1 Zot:2 Zot:3 Zot:4)
  A halazid warlock (Desolation)
  4 bunyips (Zig:23 Zig:24)
  9 ettins (Depths:1 Depths:2 Depths:3 Depths:4 Vaults:5)
  Snorg (Lair:3)
  2 blizzard demons (Zig:21)
  16 green deaths (Zig:2 Zig:21 Zig:23 Zig:24)
  7 crystal guardians (Desolation Vaults:3 Vaults:4 Zig:16)
  An iron golem (Zig:6)
  12 jiangshi (Crypt:1 Crypt:3 Depths:2)
  22 deep elf death magi (Elf:2 Elf:3 Crypt:1 Crypt:3 Vaults:5)
  14 eidola (Crypt:1 Crypt:2 Crypt:3)
  A spectral elf (Crypt:3)
  13 merfolk impalers (Shoals:1 Shoals:2 Shoals:3 Shoals:4 Crypt:2)
  Josephine (Lair:3)
  12 deep elf high priests (Elf:3 Vaults:5 Zig:12 Zig:22)
  6 fire dragons (Depths:2 Depths:3 Depths:4 Zig:25)
  6 mummy priests (Zig:8 Zig:9 Zig:11)
  23 entropy weavers (Spider:1 Spider:2 Spider:3 Spider:4 Vaults:1)
  9 merfolk javelineers (Shoals:1 Shoals:2 Shoals:4 Zig:20)
  6 ragged hierophants (Desolation)
  2 shambling mangroves (Zig:24)
  19 yaktaur captains (Vaults:2 Vaults:3 Vaults:5)
  A spectral spriggan (Crypt:3)
  15 great orbs of eyes (Vaults:1 Vaults:2 Vaults:3 Vaults:4 Slime:1)
  3 ice dragons (Depths:1 Depths:2 Depths:4)
  3 salamander tyrants (Zig:13)
  4 rakshasas (Depths:1 Depths:2 Depths:3)
  6 servants of whispers (Desolation)
  32 hydras (Lair:3 Lair:4 D:12 Lair:5 D:13)
  10 peacekeepers (Desolation Vaults:2 Vaults:3 Vaults:4)
  2 ghost crabs (Zig:23 Zig:24)
  2 ogre magi (Volcano Vaults:4)
  A spectral shadow dragon (Crypt:3)
  2 catoblepae (Shoals:4 Zig:4)
  7 centaur warriors (D:12 D:13 D:14 D:15 Zig:5)
  7 hell beasts (Depths:2 Zig:21)
  7 jorogumos (Spider:1 Spider:2 Spider:3 Zig:19)
  27 vault guards (Vaults:3 Vaults:4 Vaults:5)
  12 ironbound frosthearts (Vaults:1 Vaults:2 Vaults:3 Vaults:4)
  A caustic shrike simulacrum (Crypt:3)
  An anaconda (Zig:13)
  An anaconda (shapeshifter) (Vaults:5)
  2 merfolk avatars (Shoals:3 Shoals:4)
  5 alligator snapping turtles (Shoals:3 Shoals:4)
  An alligator (shapeshifter) (Vaults:5)
  A spriggan skeleton (Crypt:2)
  A spriggan air mage (Depths:2)
  12 two-headed ogres (D:8 D:6 D:10 D:12 Volcano)
  6 radroaches (Lair:2 Spider:1 Spider:4 Zig:7 Zig:14)
  A juggernaut simulacrum (Crypt:3)
  5 death knights (D:12 D:15 Crypt:1 Crypt:3)
  2 satyrs (shapeshifter) (Elf:3 Vaults:5)
  12 merfolk aquamancers (Shoals:1 Shoals:2 Shoals:3 Shoals:4 Zig:20)
  5 satyrs (Shoals:3 Zig:5)
  13 boulder beetles (D:11 D:12 Lair:4 Lair:5 D:13)
  9 deep troll earth magi (Depths:1 Depths:2 Depths:4 Vaults:5)
  8 deep troll shamans (Depths:1 Depths:2 Depths:4)
  7 tengu warriors (D:12 D:15 Depths:1 Depths:2 Depths:4)
  An azure jelly zombie (Crypt:3)
  2 alligators (Zig:24)
  A death scarab (Zig:19)
  A naga warrior (Crypt:2)
  7 vampire magi (Crypt:1 Crypt:2 Depths:2 Depths:3 Zig:10)
  Urug (D:10)
  3 titan zombies (Crypt:2 Zig:11)
  A spectral dire elephant (Crypt:3)
  12 death yaks (Lair:5 Shoals:4)
  4 naga sharpshooters (Zig:5 Zig:13)
  37 dancing weapons (Elf:1 Elf:2 Elf:3 Zig:12 Zig:15)
  11 hell knights (Volcano Vaults:3 Depths:2 Zig:17)
  2 spriggan berserkers (Depths:2 Depths:4)
  11 orc high priests (Orc:2 Zig:18)
  3 spriggans (Zig:2 Zig:23)
  A sun demon (Depths:2)
  3 soul eaters (Crypt:2 Zig:21)
  A spectral naga (Crypt:3)
  Nergalle (D:11)
  25 deep elf knights (Elf:1 Elf:2 Elf:3 Zig:12 Zig:22)
  6 shadow wraiths (Crypt:3)
  A spectral bunyip (Crypt:3)
  2 sixfirhies (Zig:21)
  A titan skeleton (Crypt:2)
  13 pharaoh ants (Spider:3 Spider:4 Zig:14 Zig:19)
  A salamander mystic (Zig:13)
  11 skeletal warriors (D:12 Crypt:1 Crypt:3)
  A bunyip zombie (Crypt:2)
  A fire crab (Zig:25)
  6 goliath frogs (Lair:5 Zig:24)
  18 flayed ghosts (Vaults:4 Crypt:1 Crypt:3 Depths:2 Depths:3)
  4 sun moths (Spider:1 Spider:3 Zig:19)
  6 iron trolls (Depths:1 Depths:4 Vaults:5 Zig:18)
  2 quicksilver dragon simulacra (Depths:2)
  4 spriggan druids (Zig:23 Zig:24)
  A storm dragon skeleton (Zig:9)
  An iron giant zombie (Crypt:1)
  15 sea snakes (Shoals:1 Shoals:2 Shoals:3 Shoals:4 Zig:20)
  14 death drakes (Depths:4 Zig:23 Zig:24)
  2 shadow demons (Zig:21)
  A deep troll (shapeshifter) (Zig:17)
  2 obsidian statues (Zig:5)
  4 bog bodies (Crypt:2 Zig:23)
  A naga ritualist (Zig:13)
  60 deep trolls (Vaults:1 Vaults:2 Vaults:3 Vaults:4 Depths:1)
  15 steelbarb worms (Lair:2 Spider:1 Spider:2 Spider:4 Zig:7)
  10 swamp dragons (Zig:23 Zig:24)
  3 lindwurms (Lair:2 Vaults:2)
  2 anaconda zombies (Crypt:1 Crypt:2)
  A bunyip skeleton (Crypt:2)
  4 wizards (Vaults:1 Vaults:3 Vaults:4)
  A glowing orange brain (Depths:4)
  7 necromancers (Crypt:1 Crypt:2 Depths:1 Depths:2)
  8 orb spiders (Lair:2 Spider:1 Spider:2 Spider:3 Spider:4)
  A shadow dragon zombie (Zig:11)
  44 deep elf pyromancers (D:12 D:14 Elf:1 Elf:2 Elf:3)
  12 phantasmal warriors (Crypt:1 Crypt:2 Crypt:3 Depths:2 Vaults:5)
  A golden dragon skeleton (Zig:8)
  The ghost of Juicyj the Basher, a novice MiFi (D:5)
  20 orc knights (Orc:1 Orc:2 D:13 D:15 Vaults:2)
  17 ironbound convokers (Vaults:1 Vaults:2 Vaults:3 Vaults:4 Vaults:5)
  21 deep elf archers (Elf:1 Elf:2 Elf:3 Zig:12 Zig:15)
  An iron dragon zombie (Zig:9)
  50 deep elf zephyrmancers (Elf:1 Elf:2 Elf:3 Zig:12 Zig:15)
  2 sphinx zombies (Crypt:3 Zig:9)
  54 ugly things (D:11 D:12 IceCv D:13 D:15)
  An anaconda skeleton (Crypt:2)
  45 harpies (Shoals:2 Shoals:3 Shoals:4 Vaults:2 Vaults:3)
  7 cyclopes (Orc:1 D:13 D:14 Shoals:3 D:15)
  A wolf spider (shapeshifter) (Vaults:5)
  7 orc sorcerers (Orc:1 Elf:2 Elf:3 Zig:18)
  23 manticores (D:12 Lair:2 D:14 Shoals:1 Shoals:2)
  8 shining eyes (Slime:1 Slime:2 Slime:4 Slime:5 Zig:3)
  10 fauns (Shoals:1 Shoals:2 Shoals:3)
  3 oklob plants (Gauntlet Lair:4)
  23 wolf spiders (Lair:2 Spider:2 Spider:3 Spider:4 Zig:14)
  A fire giant zombie (Crypt:3)
  40 moths of wrath (Spider:2 Spider:4 Depths:4 Zot:1 Zot:2)
  3 will-o-the-wisps (Zig:23 Zig:24)
  7 black mambas (Lair:3 Lair:4 Lair:5 Zig:13)
  2 frost giant skeletons (Depths:1 Zig:9)
  4 elephants (Lair:4)
  3 fire giant skeletons (Depths:2 Zig:8 Zig:11)
  A sphinx skeleton (Zig:8)
  12 water nymphs (Shoals:2 Shoals:3 Zig:20)
  17 merfolk sirens (Lair:3 Lair:5 Shoals:1 Shoals:2 Shoals:3)
  A guardian serpent (shapeshifter) (D:13)
  A centaur zombie (Crypt:1)
  3 guardian serpents (Desolation Zig:13)
  8 naga magi (Vaults:1 Zig:13)
  A dire elephant zombie (Crypt:2)
  3 smoke demons (Gauntlet Zig:21)
  11 demonic crawlers (Lair:2 Spider:1 Spider:3 Spider:4 Zig:7)
  A molten gargoyle (Desolation)
  23 cane toads (Lair:1 Lair:2 Lair:3 Lair:4 Lair:5)
  5 gargoyles (D:12 Zig:16)
  A titan simulacrum (Depths:1)
  15 torpor snails (Lair:3 Lair:4 Lair:2 Spider:2 Spider:4)
  4 ice statues (IceCv Zig:5)
  16 vault sentinels (Vaults:2 Vaults:3 Vaults:4 Vaults:5)
  3 eyes of devastation (Slime:5)
  A minotaur zombie (Crypt:2)
  10 komodo dragons (Lair:1 Lair:2 Lair:3 Lair:4 Lair:5)
  A centaur skeleton (Crypt:2)
  3 kobold demonologists (D:11)
  9 rime drakes (Lair:2 Lair:4 Lair:5 Shoals:3)
  47 yaktaurs (Vaults:2 Vaults:3 Vaults:4 Vaults:5)
  A tormentor (Zot:4)
  A pale draconian skeleton (Crypt:2)
  An orb spider zombie (Crypt:3)
  21 freezing wraiths (IceCv Vaults:4 Crypt:2 Crypt:3 Vaults:5)
  8 unseen horrors (D:12 D:13 Elf:3)
  5 tengu conjurers (D:12 Vaults:1 Depths:1 Depths:4)
  7 efreet (D:15 Zig:21 Zig:25)
  An anaconda simulacrum (IceCv)
  9 guardian mummies (Crypt:1 Zig:8 Zig:9 Zig:11)
  A spark wasp simulacrum (Depths:2)
  2 red devils (Gauntlet Depths:2)
  11 meliai (Spider:1 Spider:2 Spider:3 Spider:4 Zig:19)
  16 trolls (D:7 D:9 D:10 D:12 Orc:1)
  A queen bee (Lair:2)
  4 spectral harpies (Crypt:3)
  4 hellwings (Gauntlet Depths:2 Zig:21)
  3 polar bears (Lair:1 Lair:5)
  5 tyrant leeches (Lair:5 Zig:23 Zig:24)
  11 wind drakes (Shoals:1 Shoals:2 Shoals:3 Shoals:4 Zig:20)
  39 tarantellas (Lair:2 Spider:1 Spider:2 Spider:3 Spider:4)
  3 bloated husks (Zig:2 Zig:23 Zig:24)
  22 merfolk (Lair:3 Shoals:1 Shoals:2 Shoals:3 Shoals:4)
  2 red draconian skeletons (Crypt:1 Crypt:3)
  Prince Ribbit (D:7)
  A shadow dragon simulacrum (Depths:2)
  16 hornets (D:12 Spider:1 Zig:2 Zig:23 Zig:24)
  44 saltlings (Desolation)
  8 blink frogs (Lair:2 Lair:5)
  A great orb of eyes zombie (Crypt:2)
  12 snapping turtles (Shoals:2 Shoals:3 Shoals:4 Zig:20)
  11 dream sheep (Lair:4 Shoals:3)
  2 harpy skeletons (Crypt:2)
  A jumping spider (shapeshifter) (Elf:3)
  An ice dragon zombie (Crypt:2)
  Sigmund (D:3)
  35 jumping spiders (Lair:2 Spider:1 Spider:2 Spider:3 Spider:4)
  5 shadows (D:9 D:10 Crypt:3)
  116 slime creatures (D:12 D:15 Vaults:1 Vaults:3 Slime:2)
  2 centaur simulacra (Crypt:2 Crypt:3)
  3 air elementals (Elf:2 Zig:15)
  2 flying skulls (Zig:8 Zig:9)
  31 culicivoras (Lair:2 Spider:1 Spider:2 Spider:3 Spider:4)
  36 water elementals (Shoals:1 Shoals:2 Shoals:3 Shoals:4 Elf:1)
  61 yaks (D:9 D:11 Lair:1 Lair:2 Lair:3)
  2 ynoxinuls (Depths:2 Zig:21)
  3 hogs (Spider:2)
  2 ushabtiu (Zig:8 Zig:9)
  5 wyverns (D:7 D:9 Lair:3 Lair:4 Lair:5)
  12 wraiths (D:5 Lair:3 D:12 Crypt:1 Crypt:3)
  8 basilisks (D:11 Lair:2 Lair:3 Lair:5 D:15)
  A golden eye (shapeshifter) (D:14)
  16 humans (D:13)
  21 fire elementals (Spider:2 Spider:1 Elf:2 Elf:3 Zig:12)
  11 golden eyes (Slime:2 Slime:4 Slime:5)
  6 vampire mosquitoes (D:12 Lair:5)
  7 steam dragons (D:6 D:7 D:8 Shoals:3)
  2 death yak simulacra (IceCv)
  63 redbacks (Spider:1 Lair:2 Spider:2 Spider:3 Spider:4)
  Menkaure (D:7)
  11 wargs (Orc:2 Vaults:5 Zig:18)
  A swamp worm (shapeshifter) (Zig:17)
  5 harpy simulacra (IceCv Crypt:1 Crypt:2 Crypt:3)
  A large abomination (Zig:21)
  2 acid dragons (D:12 Gauntlet)
  11 water moccasins (Lair:1 Lair:2 Lair:3 Lair:4 Lair:5)
  Duvessa (D:6)
  14 hell hounds (Lair:5 Spider:2 Zig:25)
  27 orc warriors (D:6 D:10 Orc:1 Orc:2 D:15)
  A manticore zombie (Crypt:1)
  A sky beast (D:6)
  6 black bears (D:5 D:7 D:8 D:6 Lair:1)
  7 ogres (D:4 Orc:2 Orc:1 Zig:18)
  22 wolves (D:9 Lair:1 Lair:2 Lair:3 Lair:5)
  A swamp dragon zombie (Crypt:1)
  A wolf (shapeshifter) (Depths:1)
  15 centaurs (D:7 D:11 D:12 D:13 D:15)
  A dream sheep skeleton (Crypt:1)
  A phantom (D:7)
  A hog skeleton (Crypt:2)
  4 kobold brigands (D:8 D:9 D:10 D:11)
  16 bullfrogs (D:5 D:8 Lair:1 Lair:2 Lair:3)
  A wyvern zombie (Crypt:3)
  10 necrophages (D:4 Crypt:2 Crypt:3)
  A bullfrog (shapeshifter) (Vaults:5)
  5 earth elementals (Elf:2 Zig:15 Zig:16 Zig:22)
  A glowing shapeshifter simulacrum (Zig:8)
  2 gnoll sergeants (D:8 D:9)
  7 scorpions (D:4 D:5 D:6 D:7)
  An elf skeleton (Crypt:3)
  3 cane toad simulacra (IceCv)
  14 wights (D:6 D:9)
  Dowan (D:6)
  32 killer bees (D:7 Lair:2)
  A shapeshifter zombie (Crypt:2)
  A warg zombie (Crypt:2)
  5 howler monkeys (D:9 D:11 D:12 D:13)
  6 electric eels (D:7 D:9 Lair:1 Lair:5)
  3 crimson imps (Gauntlet)
  3 quasits (D:5)
  3 hounds (D:6 D:9)
  4 human zombies (Crypt:1)
  Crazy Yiuf (D:2)
  A gnoll bouda (D:10)
  31 orc priests (D:4 D:11 Orc:1 Orc:2)
  A black bear skeleton (Crypt:3)
  A jelly (D:6)
  3 human skeletons (Crypt:1 Crypt:3 Depths:1)
  Ijyb (D:4)
  An iguana (D:7)
  9 orc wizards (D:6 D:10 D:11 D:12 Orc:1)
  4 hell rats (Lair:4)
  2 wolf simulacra (IceCv)
  An ice beast zombie (Crypt:1)
  19 mummies (Crypt:1 Zig:8 Zig:9 Zig:11)
  20 gnolls (D:4 D:7 D:8 D:9 D:10)
  A howler monkey skeleton (Crypt:1)
  6 adders (D:3 D:4 D:6)
  A river rat (Lair:2)
  A shadow imp (Gauntlet)
  14 white imps (D:5 D:13)
  3 worms (D:3 D:4)
  3 dart slugs (D:3 D:14)
  48 orcs (D:3 D:4 D:6 D:10 D:11)
  6 endoplasms (D:1 D:2 D:3 D:4)
  2 giant cockroaches (D:2 D:3)
  7 goblins (D:1 D:2 D:3)
  7 hobgoblins (D:1 D:2 D:3 D:4)
  3 jackals (D:1)
  3 quokkas (D:1 D:2)
  7 ball pythons (D:1 D:3 D:4)
  5 bats (D:1 D:3)
  5 frilled lizards (D:1 D:2 D:3)
  A giant cockroach zombie (Crypt:3)
  A jackal zombie (Crypt:1)
  22 kobolds (D:1 D:2 D:3 D:8 D:9)
  A kobold zombie (Crypt:3)
  3 rats (D:1)
  4 butterflies (Vaults:2)
  2 fire vortices (Zot:2 Zig:18)
  2 tentacles (Shoals:3)
3360 creatures vanquished.

Vanquished Creatures (collateral kills)
  A juggernaut (Zig:18)
  An iron giant (Zig:16)
  A tentacled monstrosity (Depths:4)
  An Orb Guardian (Zot:5)
  A storm dragon (Zot:2)
  A rockslime (Slime:2)
  A ghost moth (Zig:14)
  A red draconian (Zot:4)
  A purple draconian (Zot:2)
  A deep elf annihilator (Zig:15)
  A shambling mangrove (Zig:23)
  A yaktaur captain (Vaults:5)
  An entropy weaver (Zig:19)
  A hydra (Zig:23)
  A deep elf knight (Elf:2)
  A sun moth (Zig:14)
  A death drake (Zig:24)
  A goliath frog (Zig:24)
  A spark wasp zombie (Zig:9)
  2 deep elf zephyrmancers (Zig:15)
  A sphinx skeleton (Zig:11)
  A water nymph (shapeshifter) (Zig:15)
  A freezing wraith (Zig:17)
  A guardian mummy (Zig:11)
  An air elemental (Zig:22)
  A culicivora (Zig:19)
  2 flying skulls (Zig:8 Zig:11)
  2 wargs (Zig:18)
  A naga (Zig:13)
  A large abomination (Zig:21)
  A floating eye (shapeshifter) (Zig:17)
  An orc warrior (Zig:18)
  An ogre (Zig:18)
  2 orc priests (Zig:18)
  A mummy (Zig:8)
  An orc (Vaults:5)
40 creatures vanquished.

Vanquished Creatures (others)
  An eldritch tentacle (Zot:5)
  3 hydras (Zig:23)
  A vault guard (Vaults:5)
  A bog body (Zig:24)
  A manticore (D:15)
  A bloated husk (Zig:24)
  An air elemental (Zig:22)
  A water elemental (Elf:3)
  2 humans (Spider:2)
  A bush (Lair:2)
  3 demonic plants (Gauntlet)
  726 fire vortices (Depths:4 Vaults:5 Zot:1 Elf:2 Zot:2)
  6 foxfires (Zig:24)
  333 fulminant prisms (D:7 D:8 D:3 D:5 D:6)
  55 fungi (Lair:2 Lair:3 Lair:4 Lair:5 Depths:4)
  319 plants (D:4 D:7 D:6 Lair:1 Lair:2)
  13 tentacles (Shoals:3)
1468 creatures vanquished.

Grand Total: 4868 creatures vanquished

Table legend: (Time is in decaauts)
 A = Elapsed time spent in this place.
 B = Non-inter-level travel time spent in this place.
 C = Inter-level travel time spent in this place.
 D = Time resting spent in this place.
 E = Time spent auto-exploring this place.
 F = Levels seen in this place.
 G = Mean time per level.
                   A        B        C        D        E       F      G
               +--------+--------+--------+--------+--------+-----+--------+
         Total | 127277 | 114645 |  12632 |  52599 |  38749 |  86 | 1480.0 |
       Dungeon |  25467 |  21524 |   3943 |   6755 |  11054 |  15 | 1697.8 |
          Lair |  14634 |  12519 |   2115 |   5696 |   4684 |   5 | 2926.8 |
        Shoals |   9918 |   9441 |    477 |   4854 |   1843 |   4 | 2479.5 |
   Spider Nest |  10653 |  10025 |    628 |   5553 |   2693 |   4 | 2663.2 |
    Slime Pits |   5438 |   5125 |    313 |   2748 |   1223 |   5 | 1087.6 |
  Orcish Mines |   3240 |   2571 |    669 |    871 |   1190 |   2 | 1620.0 |
   Elven Halls |   9134 |   8606 |    528 |   4907 |   2157 |   3 | 3044.7 |
        Vaults |  16082 |  14619 |   1463 |   7499 |   4685 |   5 | 3216.4 |
         Crypt |   9006 |   8600 |    406 |   5282 |   1901 |   3 | 3002.0 |
        Depths |   8835 |   7143 |   1692 |   2820 |   3107 |   4 | 2208.8 |
           Zot |   5853 |   5458 |    395 |   1962 |   2529 |   5 | 1170.6 |
      Ziggurat |   5015 |   5015 |      0 |   1692 |   1070 |  25 |  200.6 |
        Bazaar |     65 |     65 |      0 |      0 |      0 |   1 |   65.0 |
      Ice Cave |    585 |    585 |      0 |    399 |      0 |   1 |  585.0 |
       Volcano |    547 |    547 |      0 |    301 |     16 |   1 |  547.0 |
        Wizlab |    326 |    326 |      0 |     64 |    148 |   1 |  326.0 |
    Desolation |   1661 |   1661 |      0 |    893 |    233 |   1 | 1661.0 |
      Gauntlet |    809 |    809 |      0 |    301 |    215 |   1 |  809.0 |
               +--------+--------+--------+--------+--------+-----+--------+

Top non-repeatable levels by time:
Vaults:2: 5205 daAuts
Spider:3: 4485 daAuts
  Lair:2: 4416 daAuts
   Elf:2: 4348 daAuts
Vaults:1: 3800 daAuts
     D:9: 3223 daAuts
    D:12: 3165 daAuts
 Crypt:3: 3156 daAuts
Shoals:2: 3127 daAuts
 Crypt:2: 3070 daAuts
  Lair:1: 2972 daAuts
   Elf:3: 2931 daAuts
Depths:4: 2917 daAuts
  Lair:4: 2876 daAuts
Vaults:3: 2853 daAuts

Table legend:
 A = Non-vault XP
 B = Vault XP
 C = Vault XP percentage of total XP
 D = Non-vault monster count
 E = Vault monster count
 F = Vault count percentage of total count
                 A         B        C        D         E       F
            +---------+---------+-------+---------+---------+-------
      Total | 1472760 |  750837 |  33.8 |    2380 |     995 |  29.5
            +---------+---------+-------+---------+---------+-------
        D:1 |      37 |       0 |   0.0 |      24 |       0 |   0.0
        D:2 |      20 |      41 |  67.2 |      11 |       1 |   8.3
        D:3 |      67 |     239 |  78.1 |      20 |       1 |   4.8
        D:4 |     573 |      36 |   5.9 |      19 |       1 |   5.0
        D:5 |     280 |    1208 |  81.2 |       5 |       7 |  58.3
        D:6 |    1218 |    1266 |  51.0 |      17 |       7 |  29.2
        D:7 |    1507 |     449 |  23.0 |      16 |       2 |  11.1
        D:8 |    1663 |       0 |   0.0 |      17 |       0 |   0.0
        D:9 |    2174 |     847 |  28.0 |      28 |       7 |  20.0
       D:10 |    2225 |     804 |  26.5 |      20 |       1 |   4.8
       D:11 |    6455 |     773 |  10.7 |      30 |       1 |   3.2
       D:12 |    5015 |   10119 |  66.9 |      11 |      21 |  65.6
       D:13 |    5987 |    7293 |  54.9 |      18 |      32 |  64.0
       D:14 |    5724 |       4 |   0.1 |      10 |       1 |   9.1
       D:15 |   14437 |    4407 |  23.4 |      33 |      12 |  26.7
     Lair:1 |    4101 |     435 |   9.6 |      19 |       3 |  13.6
     Lair:2 |   16014 |    6437 |  28.7 |      50 |      49 |  49.5
     Lair:3 |    6155 |    5462 |  47.0 |      24 |      11 |  31.4
     Lair:4 |    9296 |    2957 |  24.1 |      30 |       9 |  23.1
     Lair:5 |   17992 |   10118 |  36.0 |      38 |      36 |  48.6
   Shoals:1 |    6144 |    4752 |  43.6 |      10 |       8 |  44.4
   Shoals:2 |   11335 |    4414 |  28.0 |      24 |       6 |  20.0
   Shoals:3 |   24601 |    2795 |  10.2 |      43 |       9 |  17.3
   Shoals:4 |   11362 |   24283 |  68.1 |      25 |      34 |  57.6
   Spider:1 |   16721 |    2436 |  12.7 |      47 |       9 |  16.1
   Spider:2 |   16349 |    5036 |  23.5 |      40 |      10 |  20.0
   Spider:3 |   20323 |       0 |   0.0 |      50 |       0 |   0.0
   Spider:4 |   16713 |   17715 |  51.5 |      38 |      36 |  48.6
    Slime:1 |    7472 |       0 |   0.0 |      19 |       0 |   0.0
    Slime:2 |   10934 |    5297 |  32.6 |      25 |       4 |  13.8
    Slime:3 |   13699 |       0 |   0.0 |      31 |       0 |   0.0
    Slime:4 |   14247 |    4173 |  22.7 |      34 |       4 |  10.5
    Slime:5 |   13591 |   25710 |  65.4 |      28 |      18 |  39.1
      Orc:1 |    4306 |       0 |   0.0 |      26 |       0 |   0.0
      Orc:2 |    2031 |    6762 |  76.9 |      15 |      56 |  78.9
      Elf:1 |   13515 |    6199 |  31.4 |      22 |      10 |  31.2
      Elf:2 |   21096 |   24926 |  54.2 |      37 |      32 |  46.4
      Elf:3 |   20799 |   47433 |  69.5 |      34 |      47 |  58.0
   Vaults:1 |   12577 |   20285 |  61.7 |      18 |      24 |  57.1
   Vaults:2 |   38015 |   31398 |  45.2 |      57 |      37 |  39.4
   Vaults:3 |   25431 |   38376 |  60.1 |      42 |      37 |  46.8
   Vaults:4 |   26000 |   19138 |  42.4 |      38 |      21 |  35.6
   Vaults:5 |   32480 |   93492 |  74.2 |      41 |      86 |  67.7
    Crypt:1 |   31961 |       0 |   0.0 |      55 |       0 |   0.0
    Crypt:2 |   32376 |   10431 |  24.4 |      50 |       8 |  13.8
    Crypt:3 |   30425 |   40441 |  57.1 |      46 |      62 |  57.4
   Depths:1 |   33205 |    9666 |  22.5 |      43 |       4 |   8.5
   Depths:2 |   44549 |   25806 |  36.7 |      55 |      22 |  28.6
   Depths:3 |   18363 |    1556 |   7.8 |      23 |       1 |   4.2
   Depths:4 |   32867 |   65133 |  66.5 |      40 |      52 |  56.5
      Zot:1 |   42492 |    2993 |   6.6 |      37 |       2 |   5.1
      Zot:2 |   37564 |    1376 |   3.5 |      32 |       1 |   3.0
      Zot:3 |   27341 |       0 |   0.0 |      26 |       0 |   0.0
      Zot:4 |   31086 |    8086 |  20.6 |      26 |       4 |  13.3
      Zot:5 |   36080 |   93580 |  72.2 |      25 |      39 |  60.9
      Zig:1 |    1067 |       0 |   0.0 |       1 |       0 |   0.0
      Zig:2 |    2310 |       0 |   0.0 |       4 |       0 |   0.0
      Zig:3 |    3285 |       0 |   0.0 |       3 |       0 |   0.0
      Zig:4 |    4865 |       0 |   0.0 |       5 |       0 |   0.0
      Zig:5 |    5449 |    2413 |  30.7 |       6 |       4 |  40.0
      Zig:6 |    9496 |       0 |   0.0 |       5 |       0 |   0.0
      Zig:7 |    7617 |       0 |   0.0 |      11 |       0 |   0.0
      Zig:8 |    4993 |       0 |   0.0 |      18 |       0 |   0.0
      Zig:9 |   10291 |       0 |   0.0 |      17 |       0 |   0.0
     Zig:10 |   18889 |       0 |   0.0 |      14 |       0 |   0.0
     Zig:11 |   17340 |       0 |   0.0 |      21 |       0 |   0.0
     Zig:12 |   17290 |       0 |   0.0 |      22 |       0 |   0.0
     Zig:13 |   21072 |       0 |   0.0 |      27 |       0 |   0.0
     Zig:14 |   23111 |       0 |   0.0 |      31 |       0 |   0.0
     Zig:15 |   22797 |       0 |   0.0 |      33 |       0 |   0.0
     Zig:16 |   34252 |       0 |   0.0 |      29 |       0 |   0.0
     Zig:17 |   33677 |       0 |   0.0 |      31 |       0 |   0.0
     Zig:18 |   37186 |       0 |   0.0 |      60 |       0 |   0.0
     Zig:19 |   35107 |       0 |   0.0 |      53 |       0 |   0.0
     Zig:20 |   41772 |       0 |   0.0 |      81 |       0 |   0.0
     Zig:21 |   50528 |       0 |   0.0 |      49 |       0 |   0.0
     Zig:22 |   44408 |       0 |   0.0 |      57 |       0 |   0.0
     Zig:23 |   53536 |       0 |   0.0 |      57 |       0 |   0.0
     Zig:24 |   58140 |       0 |   0.0 |      63 |       0 |   0.0
     Zig:25 |   35292 |       0 |   0.0 |      40 |       0 |   0.0
      IceCv |       0 |    3420 | 100.0 |       0 |      14 | 100.0
    Volcano |       0 |    5769 | 100.0 |       0 |       7 | 100.0
     WizLab |       0 |     983 | 100.0 |       0 |       1 | 100.0
 Desolation |       0 |   37394 | 100.0 |       0 |      72 | 100.0
   Gauntlet |       0 |    4275 | 100.0 |       0 |      12 | 100.0
            +---------+---------+-------+---------+---------+-------
